 Dungeon Crawl Stone Soup version 0.26-a0-854-gdc81c2f471 (webtiles) character file.

Game seed: 7934627987380337042

843785 miscthings the Pyromancer (level 27, 0/309 HPs)
             Began as an Ogre Fire Elementalist on Nov 24, 2020.
             Was the Champion of Cheibriados.
             Slain by a sun demon (6 damage)
             ... in Pandemonium.
             The game lasted 05:08:27 (87736 turns).

miscthings the Pyromancer (Ogre Fire Elementalist) Turns: 87736, Time: 05:08:27

Health: 0/309      AC: 33    Str: 44    XL:     27
Magic:  1/54       EV: 15    Int: 61    God:    Cheibriados [******]
Gold:   3345       SH: 34    Dex: 28    Spells: 4/62 levels left

rFire    + + .     SeeInvis +   D - +11 broad axe of Crystal {vorpal, rPois Int+5}
rCold    + + +     Faith    .   E - +8 tower shield {AC+3}
rNeg     + + +     Spirit   .   F - +4 storm dragon scales "Nejuz" {rElec rF- Str+7 SInv}
rPois    ∞         Reflect  .   k - +1 hat {Int+3}
rElec    +         Harm     .   A - scarf {rC+ rF+}
rCorr    .         Rampage  .   (gloves unavailable)
MR       ++++.                  (boots unavailable)
Stlth    ..........             c - amulet "Mastro Uquly" {RegenMP *Drain rC+ Int+7}
HPRegen  0.61/turn              y - ring of Metyatuopt {*Drain rF+ rC++ Int+3}
MPRegen  0.59/turn              j - ring of Syracw {rF+ MP+9 Int+3 Dex+2}

@: lich-form, studying 2 skills, very slow
A: large, unfitting armour, rugged brown scales 1, agile 1, clever 1, magic
resistance 1, shaggy fur 1, tough skin 1
}: 7/15 runes: decaying, slimy, silver, golden, abyssal, demonic, gossamer
a: End Transformation, Bend Time, Temporal Distortion, Slouch, Step From Time,
Renounce Religion


You were in Pandemonium.
You worshipped Cheibriados.
Cheibriados was exalted by your worship.
You were a lich.
You visited 13 branches of the dungeon, and saw 57 of its levels.
You visited Pandemonium 1 time, and saw 2 of its levels.
You visited the Abyss 3 times.
You visited 2 ziggurats, and saw 28 of their levels (deepest: 16).
You also visited: Sewer, Gauntlet and Wizlab.

You collected 14528 gold pieces.
You spent 11183 gold pieces at shops.

Inventory:

Hand Weapons
 D - the +11 broad axe of Crystal (weapon) {vorpal, rPois Int+5}
   (Okawaru gifted it to you on level 2 of the Elven Halls)

   It inflicts extra damage upon your enemies.
   It affects your intelligence (+5).
   It protects you from poison.
Missiles
 q - 5 throwing nets (quivered)
Armour
 k - a +1 hat of intelligence (worn)
 A - a scarf of resistance (worn)
 E - a +8 tower shield of protection (worn)
 F - the +4 storm dragon scales "Nejuz" (worn) {rElec rF- Str+7 SInv}
   (You acquired it on level 13 of a ziggurat)

   It affects your strength (+7).
   It makes you vulnerable to fire.
   It insulates you from electricity.
   It lets you see invisible.
Jewellery
 c - the amulet "Mastro Uquly" (around neck) {RegenMP *Drain rC+ Int+7}
   (You took it off a spriggan on level 4 of the Depths)

   [amulet of magic regeneration]

   It increases your magic regeneration.
   It affects your intelligence (+7).
   It protects you from cold.
   It causes draining when unequipped.
 j - the ring of Syracw (right hand) {rF+ MP+9 Int+3 Dex+2}
   (You took it off a yaktaur on level 5 of the Vaults)

   [ring of protection from fire]

   It affects your intelligence (+3).
   It affects your dexterity (+2).
   It protects you from fire.
   It affects your magic capacity (+9).
 t - the ring of Asceticism {MR+ Int+2}
   (You bought it in a shop on level 2 of the Orcish Mines)

   [ring of protection from magic]

   It affects your intelligence (+2).
   It affects your resistance to hostile enchantments.
 u - the macabre finger necklace {rN+}
   (You took it off a deep elf elementalist on level 3 of the Elven Halls)

   [amulet of nothing]

   It protects you from negative energy.
 y - the ring of Metyatuopt (left hand) {*Drain rF+ rC++ Int+3}
   (You found it on level 3 of the Depths)

   [ring of protection from fire]

   It affects your intelligence (+3).
   It protects you from fire.
   It greatly protects you from cold.
   It causes draining when unequipped.
 J - the ring of Sestaw {rElec Str+6 Int+3 Dex+2 Stlth+}
   (You found it on level 1 of the Depths)

   [ring of strength]

   It affects your strength (+6).
   It affects your intelligence (+3).
   It affects your dexterity (+2).
   It insulates you from electricity.
   It makes you more stealthy.
Wands
 s - a wand of iceblast (16)
 v - a wand of acid (21)
 x - a wand of enslavement (62)
 G - a wand of disintegration (43)
 V - a wand of paralysis (40)
 W - a wand of digging (11)
Scrolls
 b - 9 scrolls of magic mapping
 e - 34 scrolls of teleportation
 g - 9 scrolls of blinking
 r - 34 scrolls of remove curse
 C - 3 scrolls of torment
 H - 4 scrolls of holy word
 K - 7 scrolls of silence
 M - a scroll of amnesia
 P - 38 scrolls of identify {@r1}
 Q - 4 scrolls of summoning
 R - 15 scrolls of fog
 U - 12 scrolls of fear
 X - 13 scrolls of immolation
 Y - 8 scrolls of vulnerability
Potions
 a - 3 potions of resistance
 d - 10 potions of ambrosia
 h - 7 potions of heal wounds
 i - 3 potions of cancellation
 l - 10 potions of mutation
 m - 9 potions of lignification
 o - 8 potions of might
 p - 12 potions of flight
 w - 3 potions of magic
 z - 4 potions of attraction
 B - 4 potions of invisibility
 L - 7 potions of brilliance
 Z - 15 potions of curing
Books
 n - a manual of
Armour
 N - a manual of Invocations
Miscellaneous
 f - a lightning rod (4/4)
 I - a tin of tremorstones (1/2)
 O - a phantom mirror
 S - a box of beasts
 T - a condenser vane


   Skills:
 + Level 22.2 Fighting
 - Level 20.0 Axes
 + Level 14.6 Armour
 - Level 8.5 Dodging
 - Level 1.4 Stealth
 - Level 15.0 Shields
 - Level 18.0 Spellcasting
 - Level 8.0 Conjurations
 - Level 3.0 Hexes
 + Level 20.1 Necromancy
 - Level 14.0 Transmutations
 + Level 23.8 Fire Magic
 - Level 4.0 Air Magic
 - Level 5.0 Earth Magic
 - Level 4.0 Poison Magic
 - Level 16.0 Invocations
 - Level 7.9 Evocations


You had 4 spell levels left.
You knew the following spells:

 Your Spells              Type           Power        Failure   Level
a - Infestation           Necr           #########.   1%          8
b - Leda's Liquefaction   Hex/Erth       #######...   1%          4
c - Lee's Rapid Deconstr  Erth           #######...   1%          5
d - Apportation           Tloc           ######       1%          1
e - Borgnjor's Vile Clut  Necr/Erth      ########..   1%          5
g - Death's Door          Necr           #########.   11%         9
h - Borgnjor's Revivific  Necr           #########.   1%          8
i - Blink                 Tloc           N/A          1%          2
x - Ignition              Fire           ########..   1%          8
z - Necromutation         Tmut/Necr      #########.   2%          8

Your spell library contained the following spells:

 Spells                   Type           Power        Failure   Level
 Animate Skeleton         Necr           ######       0%          1
 Beastly Appendage        Tmut           ######       0%          1
 Foxfire                  Conj/Fire      ####         0%          1
 Magic Dart               Conj           ####         0%          1
 Pain                     Necr           ####         0%          1
 Sting                    Tmut/Pois      ####         0%          1
 Corpse Rot               Necr/Air       N/A          0%          2
 Passwall                 Tmut/Erth      ########     0%          2
 Sublimation of Blood     Necr           #########.   0%          2
 Wereblood                Tmut           ########     0%          2
 Conjure Flame            Conj/Fire      ########     0%          3
 Ignite Poison            Fire/Tmut/Pois ########     0%          3
 Inner Flame              Hex/Fire       ########     0%          3
 Vampiric Draining        Necr           #########.   0%          3
 Animate Dead             Necr           #########.   0%          4
 Dispel Undead            Necr           ########     0%          4
 Sticky Flame             Conj/Fire      ########     0%          4
 Corona                   Hex            #######      1%          1
 Sandblast                Erth           ######       1%          1
 Shock                    Conj/Air       ####         1%          1
 Summon Small Mammal      Summ           ####         1%          1
 Call Imp                 Summ           ######..     1%          2
 Ensorcelled Hibernation  Hex/Ice        ######       1%          2
 Poisonous Vapours        Pois/Air       ######       1%          2
 Searing Ray              Conj           ######       1%          2
 Slow                     Hex            #######.     1%          2
 Swiftness                Air            #######.     1%          2
 Call Canine Familiar     Summ           ######..     1%          3
 Confusing Touch          Hex            #######.     1%          3
 Dazzling Flash           Conj/Hex       ######       1%          3
 Frozen Ramparts          Ice            ######       1%          3
 Gell's Gravitas          Tloc           ######....   1%          3
 Lesser Beckoning         Tloc           ######....   1%          3
 Mephitic Cloud           Conj/Pois/Air  #######.     1%          3
 Portal Projectile        Hex/Tloc       ######       1%          3
 Spider Form              Tmut/Pois      ########..   1%          3
 Static Discharge         Conj/Air       #######.     1%          3
 Stone Arrow              Conj/Erth      ######       1%          3
 Summon Guardian Golem    Hex/Summ       ######..     1%          3
 Teleport Other           Tloc           ######..     1%          3
 Tukima's Dance           Hex            #######.     1%          3
 Airstrike                Air            #######...   1%          4
 Cause Fear               Hex            #######...   1%          4
 Fulminant Prism          Conj/Hex       #######...   1%          4
 Ice Form                 Ice/Tmut       #######.     1%          4
 Iskenderun's Mystic Bla  Conj/Tloc      #######.     1%          4
 Olgreb's Toxic Radiance  Pois           #######.     1%          4
 Petrify                  Tmut/Erth      ########     1%          4
 Summon Lightning Spire   Summ/Air       ######..     1%          4
 Passage of Golubria      Tloc           N/A          4%          4
 Summon Ice Beast         Ice/Summ       ######..     4%          4
 Agony                    Necr           ########     0%          5
 Excruciating Wounds      Necr           #########.   0%          5
 Death Channel            Necr           #########.   0%          6
 Alistair's Intoxication  Tmut/Pois      ########.    1%          5
 Blade Hands              Tmut           ########..   1%          5
 Bolt of Magma            Conj/Fire/Erth ########..   1%          5
 Fireball                 Conj/Fire      ########..   1%          5
 Irradiate                Conj/Tmut      ########..   1%          5
 Iskenderun's Battlesphe  Conj           ########     1%          5
 Lightning Bolt           Conj/Air       #######...   1%          5
 Yara's Violent Unravell  Hex/Tmut       ########..   1%          5
 Eringya's Noxious Bog    Tmut/Pois      ########..   1%          6
 Hydra Form               Tmut           ########..   1%          6
 Simulacrum               Ice/Necr       ########..   1%          6
 Statue Form              Tmut/Erth      ########.    1%          6
 Dragon Form              Tmut           ########..   1%          7
 Silence                  Hex/Air        #######...   2%          5
 Iron Shot                Conj/Erth      #######...   4%          6
 Conjure Ball Lightning   Conj/Air       #######...   5%          6
 Metabolic Englaciation   Hex/Ice        ######....   6%          5
 Summon Mana Viper        Hex/Summ       ######..     6%          5
 Haunt                    Necr/Summ      ########..   6%          7
 Summon Demon             Summ           ######....   12%         5
 Summon Forest            Summ/Tloc      ######....   12%         5
 Freezing Cloud           Conj/Ice/Air   #######...   12%         6
 Orb of Destruction       Conj           ########..   13%         7
 Invisibility             Hex            #######.     19%         6
 Dispersal                Tloc           ######....   54%         6
 Shadow Creatures         Summ           N/A          54%         6
 Fire Storm               Conj/Fire      ########..   54%         9
 Spellforged Servitor     Conj/Summ      #######...   56%         7
 Lehudib's Crystal Spear  Conj/Erth      #######...   88%         8
 Chain Lightning          Conj/Air       #######...   93%         8
 Malign Gateway           Summ/Tloc      ######....   98%         7
 Monstrous Menagerie      Summ           ######....   98%         7
 Summon Greater Demon     Summ           ######....   98%         7
 Summon Hydra             Summ           ######....   98%         7
 Discord                  Hex            #######...   100%        8
 Disjunction              Tloc           ######....   100%        8
 Summon Horrible Things   Summ           ######....   100%        8
 Absolute Zero            Ice            ######....   100%        9
 Dragon's Call            Summ           ######....   100%        9
 Shatter                  Erth           #######...   100%        9
 Tornado                  Air            #######...   100%        9


Dungeon Overview and Level Annotations

Branches:
Dungeon (15/15)            Temple (1/1) D:6            Lair (6/6) D:11
  Swamp (4/4) Lair:3       Spider (4/4) Lair:2        Slime (5/5) Lair:6
    Orc (2/2) D:12            Elf (3/3) Orc:2        Vaults (5/5) D:13
  Crypt (3/3) Vaults:2       Tomb (3/3) Crypt:3      Depths (5/5) D:15
    Zot (1/5) Depths:5      Sewer (visited)          WizLab (visited)
Gauntlet (visited)

Altars:
Ashenzari
Cheibriados
Dithmenos
Fedhas
Gozag
Hepliaklqana
Kikubaaqudgha
Makhleb
Nemelex Xobeh
Okawaru
Ru
Sif Muna
Trog
Uskayaw
Wu Jian
Xom
Yredelemnul
Zin
The Shining One
Beogh
Jiyva

Shops:
D:8 :   D:12 (   Orc:2 ([*=   Elf:1 !   Elf:2 ?   Elf:3 =   Vaults:2 =:
Vaults:3 *   Depths:1 *?*   Depths:2 (*(}   Depths:5 :([*

Portals:
Hell: Depths:1 Depths:2 Depths:3 Depths:4 Depths:5
Abyss: Depths:4 Depths:5
Pandemonium: Depths:2 Depths:3 Depths:5

Annotations:
Lair:5 exclusion: oklob plant
Elf:2 3 runed translucent doors
Depths:3 1 runed translucent door


Innate Abilities, Weirdness & Mutations

You are too large for most types of armour.
You have tough skin. (AC +1)
You are partially covered in rugged brown scales. (AC +1, +3% HP)
You are agile. (Dex +2)
Your mind is acute. (Int +2)
You are resistant to hostile enchantments. (MR+)
You are covered in fur. (AC +1)


Message History

The smoke demon gestures at you. The ball of steam misses you.
Okay, then.
Okay, then.
Unknown command.
Casting: Ignition (mildly dangerous; 1% risk of failure)
Confirm with . or Enter, or press ? or * to list all spells.
Okay, then.
You step out of the flow of time.
You return to the normal time flow. 2 hellwings, 3 smoke demons and 2 sun demons come into view.
The smoke demon roars! x4; The sun demon shouts!
The hellwing gives a chilling moan.
The smoke demon roars!
The hellwing gives a chilling moan.
Something screams, "Flee, thou reeling-ripe onion-eyed skainsmate!"
You hear a roar!
You hear a shout!
The smoke demon hits you but does no damage.
You block the smoke demon's attack. x2; The sun demon hits you!
* * * LOW HITPOINT WARNING * * *
You are engulfed in flames.
You resist.
You die...

. # ######## #.
..3....
########.###### #
§§≈≈≈≈≈≈§≈≈≈§≈#.#
.§.........33.'.##
..(.....3..L..'..#
.....3.33..3..'..#
≈≈≈≈≈≈≈≈≈§≈≈≈≈#..#
########4######
... . .4..... .
########## .. #


You could see 2 sun demons, 2 hellwings and 5 smoke demons.

Vanquished Creatures
  the Royal Jelly (Slime:5)
  3 pandemonium lords
  2 orbs of fire (Zig:13)
  Mara (Depths:1)
  Mennas (Crypt:1)
  3 juggernauts
  2 ancient liches
  Sojobo (Vaults:5)
  5 greater mummies
  Bai Suzhen (Spider:2)
  Margery (Crypt:2)
  2 Killer Klowns
  4 caustic shrikes
  Jory (Crypt:2)
  8 golden dragons
  Arachne (Spider:2)
  8 liches
  3 Tzitzimimeh (Pan)
  An iron giant (Zig:8)
  8 tentacled monstrosities
  Jorgrun (D:13)
  4 Ice Fiends
  2 Hell Sentinels
  16 titans
  8 deep elf blademasters
  9 deep elf master archers
  Asterion (Depths:1)
  3 quicksilver dragons
  12 ancient champions
  24 acid blobs
  11 tentacled starspawn
  8 sphinxes
  2 death cobs (Zot:1)
  3 Executioners
  An eldritch tentacle (WizLab)
  8 shadow dragons
  4 thorn hunters
  Kirke (Swamp:1)
  3 storm dragons
  Donald (Spider:2)
  3 revenants
  2 nagarajas (Zig:10)
  4 draconian monks (Depths:5)
  A warmonger (Pan)
  11 tengu reavers
  2 draconian knights (Zig:14)
  19 frost giants
  18 azure jellies
  3 orc warlords
  13 fire giants
  11 emperor scorpions
  An iron dragon (Elf:2)
  6 deep elf sorcerers
  6 balrugs
  2 cacodemons
  Aizul (Elf:1)
  Louise (Depths:5)
  2 draconian stormcallers
  A curse skull (Crypt:3)
  8 ghost moths
  3 draconian shifters
  11 vault wardens
  5 deep elf elementalists
  3 juggernaut zombies
  8 ghouls
  A spriggan defender (Depths:4)
  17 ironheart preservers
  4 reapers
  15 vampire knights
  2 lorocyprocas (Pan)
  7 green draconians
  11 deep elf demonologists
  45 stone giants
  3 entropy weavers
  8 very ugly things
  A war gargoyle (Vaults:4)
  6 purple draconians
  11 deep elf annihilators
  2 black suns (Pan)
  7 bennus
  9 red draconians (Depths:5)
  Azrael (Elf:2)
  4 black draconians
  3 bunyips
  A corrupter (Zig:9)
  A spark wasp (Spider:2)
  3 dire elephants (Zig:12)
  A minotaur (Gauntlet)
  6 yellow draconians (Depths:5)
  Snorg (D:10)
  4 white draconians
  14 death oozes
  2 eleionomae
  A green death (Zig:5)
  25 mummy priests
  15 deep elf death magi
  10 blizzard demons
  16 ettins
  4 eidola
  16 jiangshi
  2 shambling mangroves (Swamp:4)
  15 fire dragons
  13 yaktaur captains
  14 deep elf high priests
  16 great orbs of eyes
  A hell beast (Depths:2)
  19 boulder beetles
  22 hydras
  Harold (D:7)
  A juggernaut simulacrum (Zig:14)
  11 rakshasas
  15 ice dragons
  6 spriggan air magi
  An anaconda (Zig:10)
  8 death knights
  24 vault guards (Vaults:5)
  2 naga warriors
  A monstrous demonspawn (Depths:2)
  19 ogre magi
  A catoblepas (Zig:12)
  9 alligators
  36 dancing weapons
  A death yak (Zig:12)
  8 centaur warriors
  60 death scarabs (Tomb:2)
  8 tengu warriors
  13 deep troll shamans
  2 titan zombies (Vaults:5)
  4 thrashing horrors
  3 hell hogs (Abyss:2)
  9 vampire magi
  7 deep troll earth magi
  54 two-headed ogres
  2 satyrs (Abyss:5)
  6 spriggan berserkers
  3 shock serpents (Zig:10)
  7 soul eaters
  7 orc high priests
  2 iron golems (Zig:10)
  A naga sharpshooter (Zig:10)
  8 wretched stars
  2 storm dragon zombies
  32 deep elf knights
  Nergalle (Orc:1)
  2 fire crabs (Zig:13)
  2 sun demons
  3 unseen horrors
  3 shadow wraiths
  5 iron trolls
  A death drake (Depths:5)
  10 goliath frogs
  13 hell knights
  A spark wasp zombie (Zig:15)
  3 golden dragon zombies
  7 flayed ghosts
  4 sixfirhies
  6 wizards
  50 skeletal warriors
  30 deep trolls
  5 bog bodies
  8 spriggan druids
  9 glowing orange brains
  9 swamp dragons
  A gelid demonspawn (Depths:2)
  An iron giant zombie (Crypt:1)
  12 ironbrand convokers
  An orange crystal statue (Depths:4)
  23 phantasmal warriors
  12 orc knights
  A tengu zombie (Zig:15)
  An obsidian statue (WizLab)
  An anaconda skeleton (Abyss:1)
  5 lindwurms (Depths:5)
  35 deep elf archers
  84 deep elf magi
  A wolf spider zombie (Tomb:1)
  6 harpies
  2 spectral hydras (Swamp:4)
  12 necromancers
  A cyclops (shapeshifter) (Depths:1)
  11 orc sorcerers
  12 orb spiders
  3 will-o-the-wisps
  10 shining eyes
  3 fire giant zombies
  25 ugly things
  A salamander (shapeshifter) (Vaults:1)
  3 mana vipers
  33 wolf spiders
  The ghost of robertstho the Chiller, a novice MfIE of Sif Muna (D:6)
  4 human zombies
  3 oklob plants (Swamp:4)
  5 moths of wrath
  2 worldbinders
  9 cyclopes
  2 tengu skeletons
  2 moths of wrath (shapeshifter)
  3 manticores
  3 iron dragon skeletons
  11 elephants
  11 black mambas
  2 fire giant skeletons
  A water nymph (shapeshifter) (Vaults:5)
  A guardian serpent (D:13)
  4 apocalypse crabs
  A rust devil (Zig:5)
  4 naga magi (Zig:10)
  13 smoke demons
  15 vault sentinels
  2 frost giant skeletons
  Psyche (D:8)
  A white draconian zombie (Crypt:1)
  14 cane toads
  An orange demon (Pan)
  A gargoyle (D:14)
  A storm dragon simulacrum (Vaults:3)
  9 komodo dragons
  5 torpor snails
  A demonspawn skeleton (WizLab)
  A centaur skeleton (D:15)
  A yaktaur zombie (Vaults:5)
  3 hellions
  3 elf zombies
  2 kobold demonologists
  A yaktaur (shapeshifter) (Depths:4)
  2 rime drakes (Zig:14)
  13 freezing wraiths
  4 tormentors
  An efreet (Zig:13)
  8 demonic crawlers
  29 yaktaurs
  29 guardian mummies
  3 tengu conjurers
  5 ice devils
  3 hellwings
  A death drake zombie (Swamp:4)
  38 jumping spiders
  3 ancient zymes
  2 red devils
  6 meliai
  A grey draconian skeleton (Crypt:3)
  2 queen bees
  A bloated husk (Swamp:2)
  3 wind drakes
  13 tyrant leeches
  A merfolk (Lair:6)
  2 hornets (shapeshifter)
  2 hydra zombies (Swamp:4)
  A tengu simulacrum (Vaults:5)
  8 trolls
  9 polar bears
  A wolf spider simulacrum (D:14)
  3 death drake skeletons (Swamp:4)
  28 hornets
  23 blink frogs
  A harpy skeleton (Crypt:3)
  10 raiju
  An ettin zombie (Vaults:5)
  A raiju (shapeshifter) (D:15)
  A deep troll zombie (Zig:2)
  53 slime creatures
  A frost giant simulacrum (Depths:3)
  14 dream sheep
  An ice dragon zombie (Abyss:1)
  A boulder beetle zombie (Crypt:3)
  3 spriggan skeletons
  4 air elementals
  Sigmund (D:5)
  A centaur simulacrum (D:14)
  16 flying skulls
  A spriggan simulacrum (Depths:3)
  10 ynoxinuls
  2 tarantellas (shapeshifter)
  15 water elementals
  16 wraiths
  68 redbacks
  18 ushabtiu
  2 ice dragon skeletons (Crypt:3)
  49 tarantellas
  21 spriggans
  24 starcursed masses
  A human (Swamp:1)
  A hog (Swamp:1)
  2 vampires
  A basilisk (shapeshifter) (D:14)
  3 wyverns (Lair:6)
  4 basilisks
  10 golden eyes
  62 yaks
  10 fire elementals
  7 chaos spawn
  7 neqoxecs
  19 vampire mosquitoes
  Grum (D:8)
  A steam dragon (D:9)
  Menkaure (D:7)
  A tyrant leech zombie (Crypt:3)
  A spatial vortex (WizLab)
  A faun zombie (Crypt:1)
  13 wargs
  2 soldier ants
  2 soldier ants (shapeshifter)
  2 insubstantial wisps
  5 hydra simulacra
  A naga (Zig:10)
  19 swamp worms
  10 hell hounds
  8 small abominations
  2 acid dragons
  18 large abominations
  A water moccasin (shapeshifter) (Vaults:1)
  8 water moccasins
  2 floating eyes (shapeshifter)
  A floating eye (Depths:3)
  56 orc warriors
  A deep troll skeleton (WizLab)
  7 ice beasts
  10 swamp drakes
  9 black bears
  6 sky beasts
  A black bear (shapeshifter) (Vaults:3)
  A snapping turtle zombie (Tomb:3)
  13 eyes of draining
  2 phantoms (D:10)
  3 necrophages (Crypt:2)
  54 ogres
  24 wolves
  15 boggarts
  A swamp dragon skeleton (Tomb:1)
  12 centaurs
  A big kobold (Sewer)
  3 octopode zombies
  21 bullfrogs
  3 earth elementals
  A gnoll sergeant (D:7)
  A water moccasin zombie (Crypt:2)
  3 human skeletons
  5 scorpions
  23 killer bees
  A yak zombie (Crypt:1)
  12 wights
  A spriggan zombie (Crypt:1)
  A wolf zombie (Crypt:2)
  7 howler monkeys
  A raiju skeleton (Crypt:3)
  7 electric eels
  A wolf skeleton (Crypt:3)
  A bullfrog zombie (D:6)
  3 quasits
  11 hounds
  Crazy Yiuf (D:7)
  4 centaur zombies
  3 jellies (D:3)
  3 bullfrog skeletons
  30 orc priests
  46 orc wizards
  3 iron imps
  2 basilisk skeletons (Crypt:1)
  2 iguanas
  3 hell rats (Lair:6)
  13 worker ants
  37 mummies
  5 gnolls
  14 adders
  6 river rats
  A steam dragon zombie (Crypt:3)
  4 shadow imps
  9 white imps
  9 ufetubi
  8 oozes (D:3)
  An adder skeleton (D:6)
  4 worms
  A worm (shapeshifter) (Vaults:2)
  A dart slug (D:1)
  3 leopard geckos
  156 orcs
  5 bats
  3 giant cockroaches
  5 goblins
  4 hobgoblins
  11 jackals
  16 kobolds
  11 quokkas
  7 ball pythons
  A ball python skeleton (Crypt:1)
  A dart slug zombie (Crypt:2)
  4 frilled lizards
  A kobold zombie (Crypt:3)
  A quokka zombie (Crypt:2)
  17 rats
  3 crawling corpses (Elf:2)
  A foxfire (D:10)
  16 starspawn tentacles
3298 creatures vanquished.

Vanquished Creatures (collateral kills)
  An ancient lich (Crypt:3)
  11 greater mummies
  A caustic shrike (Zig:12)
  A golden dragon (Zig:12)
  An iron giant (Zig:8)
  A Brimstone Fiend (Pan)
  A lich (Tomb:3)
  A hellephant (Zig:12)
  An Executioner (Zig:9)
  2 sphinxes (Tomb:1)
  3 ancient champions
  An azure jelly (Zig:16)
  A revenant (Crypt:3)
  3 draconian knights (Zig:14)
  A frost giant (Zig:14)
  A fire giant (Zig:8)
  A blood saint (Zig:9)
  An iron dragon (Zig:10)
  A juggernaut zombie (Zig:15)
  4 balrugs
  A ghost moth (Pan)
  2 hydra zombies
  A juggernaut skeleton (Zig:11)
  An ironheart preserver (Vaults:3)
  13 bennus
  6 vampire knights (Crypt:3)
  An eidolon (Crypt:3)
  7 mummy priests
  2 eleionomae
  A fire dragon (Zig:13)
  A green death (Zig:12)
  3 jiangshi (Crypt:3)
  A quicksilver dragon zombie (Crypt:3)
  2 great orbs of eyes
  3 hydras (Zig:12)
  An alligator (Zig:12)
  A dancing weapon (Crypt:3)
  9 death scarabs
  3 vampire magi (Crypt:3)
  A hell hog (Zig:15)
  A storm dragon zombie (Zig:11)
  A sun demon (Pan)
  13 skeletal warriors
  A death drake (Zig:12)
  A flayed ghost (Crypt:2)
  A spriggan druid (Zig:12)
  A shadow dragon zombie (Crypt:3)
  A ghost moth zombie (Crypt:3)
  A bog body (Swamp:3)
  4 swamp dragons
  9 phantasmal warriors
  A necromancer (Crypt:3)
  2 tengu zombies
  A fire giant zombie (Crypt:3)
  2 frost giant zombies
  An iron dragon skeleton (Tomb:2)
  2 shadow dragon skeletons (Zig:15)
  A fire giant skeleton (Tomb:1)
  An eye of devastation (Zig:16)
  6 smoke demons
  A rime drake (Zig:14)
  A minotaur zombie (Crypt:3)
  2 efreet (Zig:13)
  20 guardian mummies
  A pale draconian skeleton (Crypt:2)
  2 red devils (Zig:15)
  3 slime creatures (Zig:16)
  An alligator zombie (Crypt:3)
  A fire dragon zombie (Crypt:3)
  A black mamba zombie (Crypt:3)
  3 flying skulls
  2 redbacks
  5 ushabtiu (Tomb:1)
  2 spriggans
  A fire dragon skeleton (Tomb:2)
  2 hell hounds (Zig:15)
  8 eyes of draining (Zig:16)
  A necrophage (Crypt:2)
  2 snapping turtle zombies (Crypt:3)
  A dream sheep skeleton (Crypt:3)
  A killer bee (D:7)
  A human zombie (Crypt:3)
  19 mummies
  11 foxfires
241 creatures vanquished.

Vanquished Creatures (others)
  A quicksilver dragon (Depths:4)
  A fire giant (Depths:5)
  2 ogre magi
  A deep elf knight (Elf:2)
  A smoke demon (Pan)
  A jumping spider (Spider:4)
  2 bloated husks
  A redback (Spider:3)
  2 tarantellas (Spider:3)
  A spatial vortex (WizLab)
  An orc warrior (Zig:7)
  2 ogres
  An orc wizard (Orc:2)
  An orc (Orc:1)
  A briar patch (Abyss:5)
  A demonic plant (Gauntlet)
  1818 foxfires
  35 fungi
  2 lurking horrors
  133 plants
  15 starspawn tentacles
  7 toadstools (D:3)
2030 creatures vanquished.

Grand Total: 5569 creatures vanquished

Notes
Turn   | Place    | Note
-------+----------+-------------------------------------------
     0 | D:1      | miscthings the Ogre Fire Elementalist began the quest for
                  | the Orb.
     0 | D:1      | Reached XP level 1. HP: 16/16 MP: 3/3
   160 | D:1      | Reached skill level 3 in Fire Magic
   210 | D:1      | Reached XP level 2. HP: 23/24 MP: 3/5
   866 | D:1      | Reached XP level 3. HP: 28/31 MP: 3/6
  1216 | D:2      | Reached skill level 4 in Fire Magic
  1249 | D:2      | Found a hide-covered altar of Uskayaw.
  1836 | D:2      | Reached XP level 4. HP: 39/39 MP: 1/7
  2031 | D:2      | Found a glowing golden altar of the Shining One.
  2657 | D:3      | Found a shimmering altar of Xom.
  2755 | D:2      | Reached skill level 5 in Fire Magic
  2822 | D:3      | Reached XP level 5. HP: 43/45 MP: 0/8
  2970 | D:3      | Found an opulent altar of Gozag.
  3101 | D:3      | Learned a level 3 spell: Conjure Flame
  3105 | D:3      | Learned a level 3 spell: Inner Flame
  3141 | D:3      | Reached skill level 1 in Conjurations
  3158 | D:3      | Reached skill level 1 in Hexes
  3158 | D:3      | Reached XP level 6. HP: 50/53 MP: 1/9
  3469 | D:3      | Found a shimmering blue altar of Sif Muna.
  3473 | D:3      | Found an iron altar of Okawaru.
  3474 | D:3      | Found a hide-covered altar of Uskayaw.
  3479 | D:3      | Became a worshipper of Warmaster Okawaru
  3512 | D:3      | Found a sparkling altar of Nemelex Xobeh.
  4554 | D:4      | Reached skill level 1 in Axes
  4810 | D:4      | Reached XP level 7. HP: 59/59 MP: 8/13
  4871 | D:5      | Entered Level 5 of the Dungeon
  5047 | D:5      | Noticed Sigmund
  5056 | D:5      | Killed Sigmund
  5343 | D:5      | Reached * piety under Okawaru
  5344 | D:5      | Reached skill level 5 in Axes
  5352 | D:5      | Reached XP level 8. HP: 43/67 MP: 6/14
  6580 | D:6      | Found a glowing drain.
  6592 | Sewer    | Entered a sewer
  6596 | Sewer    | Reached skill level 5 in Spellcasting
  6603 | Sewer    | Reached skill level 6 in Fire Magic
  6688 | Sewer    | Found a glowing silver altar of Zin.
  6830 | D:6      | Reached ** piety under Okawaru
  6898 | D:6      | Reached XP level 9. HP: 67/74 MP: 12/16
  6933 | D:6      | Found a glowing silver altar of Zin.
  7000 | D:6      | Found a transporter.
  7012 | D:6      | Found a transporter.
  7015 | D:6      | Noticed robertstho's ghost (novice MfIE)
  7208 | D:6      | Found a staircase to the Ecumenical Temple.
  7281 | D:6      | Learned a level 2 spell: Blink
  7285 | D:6      | Learned a level 3 spell: Mephitic Cloud
  7467 | D:7      | Reached skill level 1 in Air Magic
  7467 | D:7      | Reached skill level 1 in Poison Magic
  7480 | D:7      | Found a runed translucent door.
  7481 | D:7      | Noticed Crazy Yiuf
  7780 | D:7      | Reached *** piety under Okawaru
  7842 | D:7      | Noticed Menkaure
  7855 | D:7      | Killed Menkaure
  7860 | D:7      | Noticed Harold
  7880 | D:7      | Killed Harold
  7881 | D:7      | Reached XP level 10. HP: 53/81 MP: 6/17
  8953 | D:7      | Killed Crazy Yiuf
  9013 | D:8      | Noticed Maurice
  9014 | D:8      | Noticed Maurice
  9014 | D:8      | Maurice changed into Maurice the ice beast
  9027 | D:8      | Killed Maurice the ice beast
  9027 | D:8      | Reached **** piety under Okawaru
  9077 | D:8      | Reached skill level 5 in Conjurations
  9128 | D:8      | Noticed Psyche
  9151 | D:8      | Killed Psyche
  9221 | D:8      | Noticed Grum
  9227 | D:8      | Killed Grum
  9263 | D:8      | Reached skill level 10 in Axes
  9453 | D:8      | Found a broken altar of Ashenzari.
  9747 | D:8      | Found Suih's Book Boutique.
  9839 | D:9      | Reached ***** piety under Okawaru
 10280 | D:9      | Noticed a manticore
 10341 | D:9      | Killed a manticore
 10541 | D:9      | Reached XP level 11. HP: 88/88 MP: 16/20
 10706 | D:9      | Found a bloodstained altar of Trog.
 10818 | D:10     | Entered Level 10 of the Dungeon
 10950 | D:10     | Noticed Snorg
 10984 | D:10     | Killed Snorg
 11185 | D:10     | Got a heavily runed iron amulet
 11196 | D:10     | Identified the amulet of Saroiwn {Inacc +Blink rF- Dex+8
                  | Stlth-} (You found it on level 10 of the Dungeon)
 11436 | D:10     | Received a gift from Okawaru
 11632 | D:11     | Noticed a cyan ugly thing
 11866 | D:11     | Noticed a deep elf mage
 11873 | D:11     | Learned a level 4 spell: Sticky Flame
 11876 | D:11     | Learned a level 2 spell: Slow
 11886 | D:11     | Killed a deep elf mage
 11886 | D:11     | Received a gift from Okawaru
 11982 | D:11     | Noticed a soul eater
 11985 | D:11     | Noticed a sixfirhy
 11985 | D:11     | Noticed a sixfirhy
 12068 | D:11     | Noticed a green ugly thing
 12076 | D:11     | Killed a green ugly thing
 12106 | D:11     | Killed a cyan ugly thing
 12257 | D:11     | Found a staircase to the Lair.
 12446 | D:11     | Noticed a two-headed ogre
 12446 | D:11     | Noticed a five-headed hydra
 12452 | D:11     | Killed a two-headed ogre
 12459 | D:11     | Killed a five-headed hydra
 12459 | D:11     | Reached ****** piety under Okawaru
 12460 | D:11     | Reached skill level 5 in Fighting
 12707 | D:11     | Reached XP level 12. HP: 113/113 MP: 15/21
 12762 | Lair:1   | Entered Level 1 of the Lair of Beasts
 12904 | Lair:1   | Reached skill level 1 in Invocations
 13066 | Lair:1   | Noticed a five-headed hydra
 13106 | Lair:1   | Killed a five-headed hydra
 13107 | Lair:1   | Reached skill level 1 in Evocations
 13755 | Lair:2   | Received a gift from Okawaru
 13756 | Lair:2   | Got a bloodstained robe {god gift}
 13767 | Lair:2   | Identified the +1 robe of Jatrevosh {rElec} (Okawaru gifted
                  | it to you on level 2 of the Lair of Beasts)
 13828 | Lair:2   | Found a gate leading to a gauntlet.
 13847 | Gauntlet | Entered a Gauntlet
 13847 | Gauntlet | Found a transporter.
 13854 | Gauntlet | Found a transporter.
 13856 | Gauntlet | Found a transporter.
 13865 | Gauntlet | Found a transporter.
 13867 | Gauntlet | Found a transporter.
 13874 | Gauntlet | Noticed a blizzard demon
 13876 | Gauntlet | Found a transporter.
 13890 | Gauntlet | Found a runed translucent door.
 13891 | Gauntlet | Found a transporter.
 13899 | Gauntlet | Noticed a hell beast
 13901 | Gauntlet | Found a transporter.
 13909 | Gauntlet | Found a runed translucent gate.
 13909 | Gauntlet | Found a runed translucent gate.
 13910 | Gauntlet | Found a runed translucent gate.
 13911 | Gauntlet | Found a transporter.
 13925 | Gauntlet | Found a transporter.
 13925 | Gauntlet | Found a transporter.
 13925 | Gauntlet | Noticed an entropy weaver
 13934 | Gauntlet | Found a runed translucent door.
 13939 | Gauntlet | Found a transporter.
 13942 | Gauntlet | Noticed a death ooze
 13953 | Gauntlet | Found a transporter.
 14026 | Gauntlet | Found a transporter.
 14053 | Gauntlet | Learned a level 5 spell: Fireball
 14070 | Gauntlet | Gained mutation: Your magical capacity is low. (-10% MP) [a
                  | shining eye]
 14072 | Gauntlet | Gained mutation: You are frail. (-10% HP) [a shining eye]
 14073 | Gauntlet | Gained mutation: You are clumsy. (Dex -2) [a shining eye]
 14076 | Gauntlet | Gained mutation: You are dopey. (Int -2) [a shining eye]
 14078 | Gauntlet | Gained mutation: You tend to lose your temper in combat. [a
                  | shining eye]
 14121 | Gauntlet | Lost mutation: You are frail. (-10% HP) [potion of
                  | mutation]
 14121 | Gauntlet | Lost mutation: You are dopey. (Int -2) [potion of mutation]
 14121 | Gauntlet | Lost mutation: Your magical capacity is low. (-10% MP)
                  | [potion of mutation]
 14121 | Gauntlet | Lost mutation: You tend to lose your temper in combat.
                  | [potion of mutation]
 14121 | Gauntlet | Gained mutation: You are partially covered in iridescent
                  | scales. (AC +2) [potion of mutation]
 14121 | Gauntlet | Gained mutation: Armour fits poorly on your strangely
                  | shaped body. [potion of mutation]
 14121 | Gauntlet | Gained mutation: Scrolls take you a little longer to read.
                  | [potion of mutation]
 14121 | Gauntlet | Gained mutation: You have sharp toenails. [potion of
                  | mutation]
 14122 | Gauntlet | Lost mutation: Scrolls take you a little longer to read.
                  | [potion of mutation]
 14122 | Gauntlet | Lost mutation: Armour fits poorly on your strangely shaped
                  | body. [potion of mutation]
 14122 | Gauntlet | Lost mutation: You are clumsy. (Dex -2) [potion of
                  | mutation]
 14122 | Gauntlet | Lost mutation: You are partially covered in iridescent
                  | scales. (AC +2) [potion of mutation]
 14122 | Gauntlet | Gained mutation: You have an increased reservoir of magic.
                  | (+10% MP) [potion of mutation]
 14122 | Gauntlet | Gained mutation: You occasionally shout uncontrollably at
                  | your foes. [potion of mutation]
 14122 | Gauntlet | Gained mutation: You evolve. [potion of mutation]
 14178 | Gauntlet | Killed a blizzard demon
 14189 | Gauntlet | Got a scorched cloak
 14203 | Gauntlet | Identified the +2 cloak of Relativism {rPois rC+} (You
                  | found it in a Gauntlet)
 14275 | Gauntlet | Noticed a minotaur
 14281 | Gauntlet | Killed a minotaur
 14366 | Gauntlet | Got a sparkling lead amulet
 14381 | Lair:2   | Identified the amulet "Hewe" {Inacc *Contam rC+ Str+4} (You
                  | found it in a Gauntlet)
 14403 | Lair:2   | Lost mutation: You have an increased reservoir of magic.
                  | (+10% MP) [mutagenic glow]
 14567 | Lair:2   | Found a hole to the Spider Nest.
 14961 | Lair:2   | Reached XP level 13. HP: 100/127 MP: 5/23
 14977 | Lair:2   | Reached skill level 7 in Fire Magic
 15588 | Lair:2   | Gained mutation: You expend magic power (3 MP) to
                  | strengthen your wands. [evolution]
 15936 | Lair:2   | Got a warped hat
 15947 | Lair:2   | Identified the cursed -6 hat "Rixosimi" {SInv} (You found
                  | it on level 2 of the Lair of Beasts)
 16179 | Lair:3   | Received a gift from Okawaru
 16659 | Lair:3   | Found a staircase to the Swamp.
 16939 | Lair:4   | Reached skill level 5 in Invocations
 16988 | Lair:4   | Reached skill level 1 in Armour
 17473 | Lair:5   | Reached skill level 5 in Dodging
 17617 | Lair:5   | Learned a level 3 spell: Ignite Poison
 17845 | Lair:5   | Found a blossoming altar of Fedhas.
 18014 | Lair:6   | Entered Level 6 of the Lair of Beasts
 18071 | Lair:6   | Received a gift from Okawaru
 18084 | Lair:6   | Reached skill level 1 in Transmutations
 18152 | Lair:6   | Reached XP level 14. HP: 127/140 MP: 17/26
 18357 | Lair:6   | Reached skill level 8 in Fire Magic
 18523 | Lair:6   | Received a gift from Okawaru
 18532 | Lair:6   | Got a dazzling executioner's axe {god gift}
 18535 | Lair:6   | Identified the +8 executioner's axe "Durhuets" {flame, rN+
                  | Int+3 Dex+3} (Okawaru gifted it to you on level 6 of the
                  | Lair of Beasts)
 18580 | Lair:6   | Noticed Urug
 18582 | Lair:6   | Noticed Urug
 18582 | Lair:6   | Urug changed into Urug the merfolk
 18590 | Lair:6   | Killed Urug the merfolk
 18690 | Lair:6   | Found a viscous altar of Jiyva.
 18690 | Lair:6   | Found a staircase to the Slime Pits.
 18698 | Lair:6   | Reached skill level 5 in Evocations
 18925 | Lair:6   | Reached skill level 10 in Fighting
 19115 | Lair:6   | Received a gift from Okawaru
 19895 | D:12     | Found a shimmering blue altar of Sif Muna.
 19957 | D:12     | Reached skill level 1 in Shields
 20122 | D:12     | Found a staircase to the Orcish Mines.
 20133 | D:12     | Found Laahigg's Weapon Shoppe.
 20165 | D:12     | You fall into a shaft and drop 2 floors!
 20208 | D:14     | Found a large runed translucent door.
 20208 | D:14     | Found a large runed translucent door.
 20438 | D:13     | Noticed Jorgrun
 20465 | D:13     | Killed Jorgrun
 20593 | D:13     | You fall into a shaft and drop 2 floors!
 20593 | D:15     | Entered Level 15 of the Dungeon
 20916 | D:13     | Reached XP level 15. HP: 124/152 MP: 21/27
 21077 | D:13     | Found a gate to the Vaults.
 21094 | D:13     | Reached skill level 9 in Fire Magic
 21104 | D:13     | Received a gift from Okawaru
 21427 | D:13     | Found a roughly hewn altar of Beogh.
 22344 | Orc:1    | Entered Level 1 of the Orcish Mines
 22365 | Orc:1    | Noticed Nergalle
 22376 | Orc:1    | Killed Nergalle
 22597 | Orc:1    | Found a roughly hewn altar of Beogh.
 22786 | Orc:2    | Entered Level 2 of the Orcish Mines
 22821 | Orc:2    | Received a gift from Okawaru
 23023 | Orc:2    | Lost mutation: You have sharp toenails. [evolution]
 23358 | Orc:2    | Noticed an orc warlord
 23543 | Orc:1    | Killed an orc warlord
 23839 | Orc:2    | Found Niuh's General Store.
 23840 | Orc:2    | Found Heedily's Jewellery Shop.
 23841 | Orc:2    | Found Qaurehom's Antique Armour Boutique.
 23841 | Orc:2    | Found Yluryrch's Antique Weapon Boutique.
 23845 | Orc:2    | Bought a distressingly furry robe for 239 gold pieces
 23845 | Orc:2    | Identified the +0 robe of Febuiz {rC- Str+5} (You bought it
                  | in a shop on level 2 of the Orcish Mines)
 23861 | Orc:2    | Bought a potion of curing for 33 gold pieces
 23861 | Orc:2    | Bought a potion of brilliance for 44 gold pieces
 23861 | Orc:2    | Bought a wand of disintegration (12) for 176 gold pieces
 24092 | Orc:2    | Found a staircase to the Elven Halls.
 24490 | Spider:1 | Entered Level 1 of the Spider Nest
 24719 | Spider:1 | Received a gift from Okawaru
 24875 | Spider:1 | Noticed an emperor scorpion
 24893 | Spider:1 | Killed an emperor scorpion
 24894 | Spider:1 | Reached skill level 5 in Shields
 24896 | Spider:1 | Reached XP level 16. HP: 126/165 MP: 25/28
 24914 | Spider:1 | Found a runed translucent door.
 25978 | Spider:1 | Received a gift from Okawaru
 25989 | Spider:1 | Identified the +1 robe of Forking Paths {rF+ rN++ Str-3
                  | SInv} (Okawaru gifted it to you on level 1 of the Spider
                  | Nest)
 26769 | Spider:2 | Gained mutation: You rapidly evolve. [evolution]
 26769 | Spider:2 | Lost mutation: You rapidly evolve. [decline of evolution]
 26954 | Spider:3 | Noticed Donald
 27649 | Spider:3 | Reached skill level 15 in Axes
 27831 | Spider:2 | Killed Donald
 28045 | Spider:2 | Received a gift from Okawaru
 28547 | Spider:3 | Noticed Arachne
 28570 | Spider:2 | Killed Arachne
 28779 | Spider:2 | Received a gift from Okawaru
 29029 | Spider:3 | Noticed Bai Suzhen
 29411 | Spider:2 | Reached XP level 17. HP: 173/175 MP: 25/29
 29440 | Spider:2 | Killed Bai Suzhen
 30417 | Spider:4 | Entered Level 4 of the Spider Nest
 30850 | Spider:4 | Received a gift from Okawaru
 32430 | Spider:4 | Received a gift from Okawaru
 32646 | Spider:4 | Gained mutation: You passively map a small area around you.
                  | [evolution]
 33008 | Spider:4 | Got a gossamer rune of Zot
 33362 | Elf:1    | Entered Level 1 of the Elven Halls
 33366 | Elf:1    | Noticed Aizul
 33392 | Elf:1    | Killed Aizul
 33942 | Elf:1    | Identified the Incunabulum of the Entourage
 34517 | Elf:1    | Found Guwoprev's Distillery.
 34524 | Elf:1    | Bought a potion of might for 68 gold pieces
 34524 | Elf:1    | Bought a potion of curing for 51 gold pieces
 34524 | Elf:1    | Bought a potion of curing for 51 gold pieces
 34524 | Elf:1    | Bought a potion of mutation for 136 gold pieces
 34524 | Elf:1    | Bought a potion of brilliance for 68 gold pieces
 34524 | Elf:1    | Bought 2 potions of haste for 340 gold pieces
 34524 | Elf:1    | Bought a potion of haste for 170 gold pieces
 34524 | Elf:1    | Bought a potion of brilliance for 68 gold pieces
 35567 | Elf:2    | Reached XP level 18. HP: 151/184 MP: 28/31
 35623 | Elf:2    | Received a gift from Okawaru
 35658 | Elf:2    | Reached skill level 10 in Spellcasting
 36294 | Elf:2    | Identified the +0 leather armour "Uzao" {+Fly rElec Str-3
                  | Slay+6}
 36494 | Elf:2    | Found a runed translucent gate.
 36494 | Elf:2    | Found a runed translucent gate.
 36494 | Elf:2    | Found a runed translucent gate.
 36494 | Elf:2    | Found a runed translucent gate.
 36494 | Elf:2    | Found a runed translucent gate.
 36496 | Elf:2    | Found a runed translucent gate.
 37139 | Elf:2    | Found Kygyk's Magic Scroll Boutique.
 37147 | Elf:2    | Bought a scroll of silence for 82 gold pieces
 37147 | Elf:2    | Bought a scroll of remove curse for 33 gold pieces
 37147 | Elf:2    | Bought a scroll of fear for 38 gold pieces
 37203 | Elf:2    | Found a runed translucent gate.
 37203 | Elf:2    | Found a runed translucent gate.
 37203 | Elf:2    | Found a runed translucent gate.
 37272 | Elf:2    | Received a gift from Okawaru
 37281 | Elf:2    | Identified the +11 broad axe of Crystal {vorpal, rPois
                  | Int+5} (Okawaru gifted it to you on level 2 of the Elven
                  | Halls)
 37479 | Elf:2    | Reached skill level 5 in Armour
 37533 | Elf:2    | Noticed Azrael
 37931 | Elf:2    | Noticed a deep elf blademaster
 37974 | Elf:2    | Killed a deep elf blademaster
 38116 | Elf:2    | Gained mutation: Your flesh is heat resistant. (rF+)
                  | [evolution]
 38403 | Elf:2    | Killed Azrael
 38636 | Elf:3    | Entered Level 3 of the Elven Halls
 38738 | Elf:3    | Found Ygykoe's Jewellery Emporium.
 39097 | Elf:3    | Received a gift from Okawaru
 39365 | Elf:3    | Cast into level 2 of the Abyss (a deep elf sorcerer)
 39473 | Abyss:2  | Reached XP level 19. HP: 189/192 MP: 33/33
 39753 | Elf:3    | Escaped the Abyss
 39884 | Elf:3    | Noticed an Ice Fiend
 40299 | Elf:3    | Identified the +11 scimitar of Ru's Inspiration {venom, rN+
                  | Dex+3 SInv}
 40580 | Elf:3    | Received a gift from Okawaru
 40670 | Elf:3    | Identified the +2 falchion "Amnomnab" {antimagic, +Rage rF+
                  | rC+ Stlth+}
 41039 | Elf:3    | Bought an uncursed ring of protection from fire for 350
                  | gold pieces
 41113 | Elf:3    | Noticed an Ice Fiend
 41574 | Elf:3    | Identified the Disquisition on Ashen Feathers
 41596 | Elf:3    | Learned a level 5 spell: Borgnjor's Vile Clutch
 41770 | Orc:2    | Bought a scroll of amnesia for 38 gold pieces
 41772 | Orc:2    | Bought the ring of Asceticism {MR+ Int+2} for 543 gold
                  | pieces
 42208 | Swamp:1  | Entered Level 1 of the Swamp
 42442 | Swamp:1  | Reached skill level 1 in Necromancy
 42446 | Swamp:1  | Reached skill level 1 in Earth Magic
 42488 | Swamp:1  | Noticed Kirke
 42503 | Swamp:1  | Received a gift from Okawaru
 42520 | Swamp:1  | Killed Kirke
 42523 | Swamp:1  | Identified the +2 animal skin of Resourcefulness {Str+4
                  | Int+4} (Okawaru gifted it to you on level 1 of the Swamp)
 43435 | Swamp:2  | Reached XP level 20. HP: 119/206 MP: 32/34
 43919 | Swamp:3  | Learned a level 1 spell: Apportation
 44747 | Swamp:4  | Entered Level 4 of the Swamp
 45568 | Swamp:4  | Reached skill level 5 in Necromancy
 45619 | Swamp:4  | Reached skill level 5 in Earth Magic
 46203 | Swamp:4  | Received a gift from Okawaru
 46204 | Swamp:4  | Reached skill level 15 in Fighting
 46209 | Swamp:4  | Found a blossoming altar of Fedhas.
 46600 | Swamp:4  | Found a basalt altar of Yredelemnul.
 46614 | Swamp:4  | Got a decaying rune of Zot
 46876 | Vaults:1 | Entered Level 1 of the Vaults
 47168 | Vaults:1 | Received a gift from Okawaru
 47878 | Vaults:1 | You fall into a shaft and drop 1 floor!
 47950 | Vaults:2 | Gained mutation: You have sharp toenails. [evolution]
 48022 | Vaults:2 | Found Nuatagufay's Jewellery Emporium.
 48030 | Vaults:2 | Found Gyneih's Book Shoppe.
 48289 | Vaults:1 | Reached XP level 21. HP: 121/218 MP: 26/35
 48851 | Vaults:2 | Bought a book of the Tempests for 980 gold pieces
 48860 | Vaults:2 | Learned a level 8 spell: Ignition
 48974 | Vaults:2 | Reached skill level 10 in Shields
 49025 | Vaults:2 | Received a gift from Okawaru
 49029 | Vaults:2 | Reached skill level 10 in Necromancy
 49651 | Vaults:2 | Found a staircase to the Crypt.
 49651 | Vaults:2 | Found a basalt altar of Yredelemnul.
 49652 | Vaults:2 | Found an ancient bone altar of Kikubaaqudgha.
 50565 | Vaults:3 | Found Uluto's Assorted Antiques.
 50579 | Vaults:3 | Bought a scroll of immolation for 115 gold pieces
 50579 | Vaults:3 | Bought a potion of might for 132 gold pieces
 50774 | Vaults:3 | Found a magical portal.
 50795 | WizLab   | Entered The Roulette of Golubria
 50795 | WizLab   | Found a transporter.
 50798 | WizLab   | Found a corrupted altar of Lugonu.
 50824 | WizLab   | Found a transporter.
 50842 | WizLab   | Found a corrupted altar of Lugonu.
 50871 | WizLab   | Found a transporter.
 50900 | WizLab   | Found a transporter.
 50969 | WizLab   | Found a transporter.
 50999 | WizLab   | Found a transporter.
 51011 | WizLab   | Gained mutation: You are partially covered in thin metallic
                  | scales. (AC +2) [evolution]
 51102 | WizLab   | Found a transporter.
 51102 | WizLab   | Found a transporter.
 51124 | WizLab   | Found a transporter.
 51124 | WizLab   | Found a transporter.
 51150 | WizLab   | Found a transporter.
 51150 | WizLab   | Found a transporter.
 51182 | WizLab   | Found a transporter.
 51202 | WizLab   | Found a transporter.
 51202 | WizLab   | Found a transporter.
 51289 | WizLab   | Found a transporter.
 51350 | WizLab   | Identified the +0 cloak "Hettamo" {rC- MR+ Str+8 Int-3}
                  | (You found it in a wizard's laboratory)
 51628 | WizLab   | Found a transporter.
 51730 | WizLab   | Found a transporter.
 51753 | WizLab   | Found a transporter.
 51753 | WizLab   | Found a transporter.
 52189 | Vaults:3 | Received a gift from Okawaru
 52193 | Vaults:3 | Identified the +0 robe "Runas" {rN+ Int+4} (Okawaru gifted
                  | it to you on level 3 of the Vaults)
 53073 | Vaults:3 | Reached XP level 22. HP: 154/227 MP: 33/36
 54049 | Vaults:4 | Reached skill level 15 in Shields
 54085 | Vaults:4 | Received a gift from Okawaru
 54201 | Vaults:4 | Reached skill level 10 in Invocations
 56230 | D:14     | Found an iron altar of Okawaru.
 56233 | D:14     | Found an iron altar of Okawaru.
 56368 | D:15     | Found a staircase to the Depths.
 57009 | D:15     | Learned a level 5 spell: Lee's Rapid Deconstruction
 57052 | Depths:1 | Entered Level 1 of the Depths
 57052 | Depths:1 | Noticed Mara
 57061 | Depths:1 | Noticed miscthings's illusion
 57067 | Depths:1 | Noticed miscthings's illusion
 57068 | Depths:1 | Killed Mara
 57244 | Depths:1 | Noticed Asterion
 57268 | Depths:1 | Killed Asterion
 57269 | Depths:1 | Reached skill level 10 in Fire Magic
 57486 | Depths:1 | Found Katy's Magic Scroll Emporium.
 57506 | Depths:1 | Found Gaynec's General Store.
 57508 | Depths:1 | Bought a scroll of silence for 157 gold pieces
 57508 | Depths:1 | Bought a scroll of blinking for 157 gold pieces
 57508 | Depths:1 | Bought a scroll of enchant armour for 157 gold pieces
 57509 | Depths:1 | Bought a scroll of teleportation for 63 gold pieces
 57509 | Depths:1 | Bought a scroll of teleportation for 63 gold pieces
 57515 | Depths:1 | Bought a scroll of blinking for 150 gold pieces
 57515 | Depths:1 | Bought a potion of heal wounds for 100 gold pieces
 57582 | Depths:1 | Received a gift from Okawaru
 57597 | Depths:1 | Reached skill level 11 in Fire Magic
 57597 | Depths:1 | Reached XP level 23. HP: 70/235 MP: 19/39
 58003 | Depths:1 | Got a clouded bronze ring
 58004 | Depths:1 | Identified the ring of Sestaw {rElec Str+6 Int+3 Dex+2
                  | Stlth+} (You found it on level 1 of the Depths)
 58231 | Depths:1 | Found Rewaq's General Store.
 58237 | Depths:1 | Bought a potion of curing for 60 gold pieces
 58409 | Depths:1 | Reached skill level 12 in Fire Magic
 58496 | Depths:1 | Found a gateway to Hell.
 58574 | Depths:1 | Got a clouded golden ring
 58575 | Depths:1 | Identified the cursed ring of Rean {+Inv EV-4} (You found
                  | it on level 1 of the Depths)
 58965 | Depths:2 | Found Bilusoax's Gadget Shop.
 58969 | Depths:2 | Found Jupi's Antique Weapon Boutique.
 58970 | Depths:2 | Found Ymiryacy's Assorted Antiques.
 58995 | Depths:2 | Identified a scroll of acquirement
 58997 | Depths:2 | Acquired the +10 tower shield of Ignorance {rN+ Int-4}
 58998 | Depths:2 | Found the +10 tower shield of Ignorance {rN+ Int-4}
 58999 | Depths:2 | Bought a potion of mutation for 208 gold pieces
 59145 | Depths:2 | Paralysed by a floating eye for 3 turns
 59236 | Depths:2 | Reached skill level 13 in Fire Magic
 59678 | Depths:2 | Found a one-way gate leading to the halls of Pandemonium.
 60011 | Depths:2 | Found a gateway to a ziggurat.
 60156 | Depths:2 | Received a gift from Okawaru
 60378 | Depths:2 | Found Torivext's Weapon Shop.
 60799 | Depths:3 | Reached skill level 14 in Fire Magic
 61461 | Depths:3 | Noticed a juggernaut
 61475 | Depths:3 | Killed a juggernaut
 61517 | Depths:3 | Got a warped golden ring
 61518 | Depths:3 | Identified the ring of Metyatuopt {*Drain rF+ rC++ Int+3}
                  | (You found it on level 3 of the Depths)
 61553 | Depths:3 | Reached skill level 15 in Fire Magic
 61696 | Depths:3 | Noticed a juggernaut
 61699 | Depths:3 | Noticed a caustic shrike
 61704 | Depths:3 | Found a runed translucent door.
 61718 | Depths:3 | Reached XP level 24. HP: 200/245 MP: 19/39
 61859 | Depths:3 | Received a gift from Okawaru
 63204 | Depths:2 | Reached skill level 16 in Fire Magic
 63390 | Orc:2    | Bought an uncursed ring of resist corrosion for 300 gold
                  | pieces
 63563 | Slime:1  | Entered Level 1 of the Pits of Slime
 63912 | Slime:3  | Gained mutation: Your spells are a little easier to cast,
                  | but a little less powerful. [a shining eye]
 64088 | Slime:5  | Entered Level 5 of the Pits of Slime
 64712 | Slime:5  | Noticed the Royal Jelly
 64720 | Slime:5  | Killed the Royal Jelly
 64721 | Slime:5  | Reached skill level 17 in Fire Magic
 64732 | Slime:5  | Received a gift from Okawaru
 65062 | Slime:5  | Identified the +5 broad axe of Optimality {distort, MR+}
                  | (Okawaru gifted it to you on level 5 of the Pits of Slime)
 65087 | Slime:5  | Found the +10 morningstar "Eos" {elec, Halo rElec}
 65088 | Slime:5  | Found the +2 ratskin cloak {*Rats rPois rN+ Str-1 Int-1
                  | Dex+1}
 65094 | Slime:5  | Got a slimy rune of Zot
 65189 | Slime:5  | Identified the ring of Etior {rF+ rCorr} (You found it on
                  | level 5 of the Pits of Slime)
 65482 | Slime:5  | Gained mutation: You are resistant to hostile enchantments.
                  | (MR+) [evolution]
 65892 | Vaults:5 | Entered Level 5 of the Vaults
 65893 | Vaults:5 | Received a gift from Okawaru
 65894 | Vaults:5 | Reached skill level 18 in Fire Magic
 66055 | Vaults:4 | Reached XP level 25. HP: 141/252 MP: 8/39
 66542 | Vaults:5 | Received a gift from Okawaru
 66546 | Vaults:5 | Reached skill level 19 in Fire Magic
 67271 | Vaults:5 | Reached skill level 20 in Fire Magic
 67591 | Vaults:5 | Noticed an ancient lich
 68015 | Vaults:5 | Identified the +0 chain mail of Action {rF+ Int+4 SInv}
 68016 | Vaults:5 | Killed an ancient lich
 68274 | Vaults:5 | Received a gift from Okawaru
 68315 | Vaults:5 | Identified the +1 robe of an ossuary {*Drain rC++ rN+
                  | rCorr} (Okawaru gifted it to you on level 5 of the Vaults)
 68551 | Vaults:5 | Reached skill level 21 in Fire Magic
 68672 | Vaults:5 | Identified the ring of Syracw {rF+ MP+9 Int+3 Dex+2}
 68801 | Vaults:5 | Got a silver rune of Zot
 68964 | Vaults:5 | Identified the +11 hand axe of Greed {freeze, *Rage rF+
                  | MR+++ SInv}
 68964 | Vaults:5 | Noticed Sojobo
 68984 | Vaults:5 | Killed Sojobo
 68985 | Vaults:5 | Reached XP level 26. HP: 150/261 MP: 25/39
 69607 | Vaults:5 | Identified the Collected Works on Evil Venom
 69763 | Vaults:5 | Identified the ring "Xeisubal" {rC+ Str+3}
 70251 | Temple   | Entered the Ecumenical Temple
 70268 | Temple   | Fell from the grace of Okawaru
 70268 | Temple   | Became a worshipper of Cheibriados the Contemplative
 70323 | D:6      | Killed robertstho's ghost
 71251 | Depths:4 | Reached * piety under Cheibriados
 71280 | Depths:4 | Gained mutation: You have very sharp teeth. [evolution]
 71357 | Depths:4 | Found a one-way gate to the infinite horrors of the Abyss.
 71469 | Depths:4 | Reached skill level 5 in Transmutations
 71652 | Depths:4 | Identified the amulet "Mastro Uquly" {RegenMP *Drain rC+
                  | Int+7}
 71682 | Depths:4 | Reached ** piety under Cheibriados
 72775 | Depths:5 | Entered Level 5 of the Depths
 73001 | Depths:5 | Noticed Louise
 73014 | Depths:5 | Killed Louise
 73141 | Depths:5 | Found Ribaneg's Assorted Antiques.
 73156 | Depths:5 | Bought a scroll of acquirement for 1768 gold pieces
 73156 | Depths:5 | Bought a potion of mutation for 272 gold pieces
 73156 | Depths:5 | Acquired the ring "Ograud" {SInv Stlth+}
 73247 | Depths:5 | Reached *** piety under Cheibriados
 73508 | Depths:5 | Found Paly's Armour Emporium.
 73513 | Depths:5 | Found Gaothraq's Weapon Boutique.
 73548 | Depths:5 | Found Riuzara's Book Shop.
 73747 | Depths:5 | Identified the ring "Wizotore" {MP+9 Str+3 Int+4 Dex-4}
 73940 | Depths:5 | Reached XP level 27. HP: 204/270 MP: 33/39
 74040 | Depths:5 | Found a gate to the Realm of Zot.
 74102 | Depths:5 | Reached **** piety under Cheibriados
 74411 | Depths:5 | Was forgiven by Okawaru
 74508 | Zot:1    | Entered Level 1 of the Realm of Zot
 75365 | Depths:5 | Voluntarily entered the Abyss.
 75410 | Abyss:1  | Reached skill level 10 in Transmutations
 75698 | Abyss:1  | Gained mutation: You are weak. (Str -2) [a neqoxec]
 75706 | Abyss:1  | Reached ***** piety under Cheibriados
 75770 | Abyss:1  | Found a corrupted altar of Lugonu.
 76101 | Depths:5 | Escaped the Abyss
 76217 | Depths:5 | Voluntarily entered the Abyss.
 76440 | Abyss:4  | Found a basalt altar of Yredelemnul.
 76450 | Abyss:4  | Learned a level 8 spell: Necromutation
 76615 | Abyss:5  | Entered Level 5 of the Abyss
 76615 | Abyss:5  | Found a corrupted altar of Lugonu.
 76759 | Abyss:5  | Reached ****** piety under Cheibriados
 76800 | Abyss:5  | Got an abyssal rune of Zot
 76814 | Depths:5 | Escaped the Abyss
 77410 | Spider:1 | Learned a level 8 spell: Infestation
 77750 | Crypt:1  | Entered Level 1 of the Crypt
 77972 | Crypt:1  | Identified the cursed +0 tower shield of the First Snow
                  | {Harm}
 77972 | Crypt:1  | Noticed Mennas
 78330 | Crypt:1  | Killed Mennas
 78772 | Crypt:2  | Noticed Jory
 79034 | Crypt:2  | Killed Jory
 79147 | Crypt:2  | Reached skill level 15 in Necromancy
 79386 | Crypt:2  | Lost mutation: Your spells are a little easier to cast, but
                  | a little less powerful. [evolution]
 79563 | Crypt:2  | Noticed Margery
 79574 | Crypt:2  | Killed Margery
 79728 | Crypt:3  | Entered Level 3 of the Crypt
 79742 | Crypt:3  | Noticed an ancient lich
 79754 | Crypt:3  | Killed an ancient lich
 80061 | Crypt:3  | Found a staircase to the Tomb.
 80181 | Crypt:3  | Gained mutation: You are very weak. (Str -4) [mutagenic
                  | glow]
 80185 | Crypt:3  | Reached skill level 15 in Spellcasting
 80221 | Crypt:3  | Found an ancient bone altar of Kikubaaqudgha.
 80347 | Crypt:3  | Identified the ring "Siupsish" {Ice rN+ Slay+2} (You found
                  | it on level 3 of the Crypt)
 80349 | Crypt:3  | Identified Kikubaaqudgha's Volume of Unholy Secrets
 81006 | Zig:1    | Entered Level 1 of a ziggurat
 81024 | Zig:2    | Entered Level 2 of a ziggurat
 81047 | Zig:2    | Identified the +0 robe of the Crypt {Str+5} (You found it
                  | on level 2 of a ziggurat)
 81078 | Zig:3    | Entered Level 3 of a ziggurat
 81141 | Zig:4    | Entered Level 4 of a ziggurat
 81144 | Zig:4    | Noticed Nuwaewo the pandemonium lord
 81156 | Zig:4    | Killed Nuwaewo the pandemonium lord
 81164 | Zig:4    | Identified the Compendium of Moulding and the Arsonist
 81255 | Zig:5    | Entered Level 5 of a ziggurat
 81285 | Zig:5    | Learned a level 9 spell: Death's Door
 81286 | Zig:6    | Entered Level 6 of a ziggurat
 81326 | Zig:7    | Entered Level 7 of a ziggurat
 81332 | Zig:7    | Noticed a juggernaut
 81339 | Zig:7    | Killed a juggernaut
 81356 | Zig:8    | Entered Level 8 of a ziggurat
 81490 | Zig:9    | Entered Level 9 of a ziggurat
 81498 | Zig:9    | Noticed Poshepp the pandemonium lord
 81501 | Zig:9    | Killed Poshepp the pandemonium lord
 81530 | Zig:9    | Acquired 1288 gold pieces
 81624 | Zig:10   | Entered Level 10 of a ziggurat
 81663 | Zig:11   | Entered Level 11 of a ziggurat
 81667 | Zig:11   | Noticed an ancient lich
 81675 | Zig:11   | Killed an ancient lich
 81774 | Zig:11   | Identified the Handbook of Aerial Calling
 81777 | Zig:11   | Identified the ring "Lakij" {*Tele rC+ Str+3} (You found it
                  | on level 11 of a ziggurat)
 81794 | Zig:11   | Got a scorched brass amulet
 81801 | Zig:11   | Identified the amulet "Viofif" {Acrobat Str+3 Dex+2} (You
                  | found it on level 11 of a ziggurat)
 81817 | Zig:12   | Entered Level 12 of a ziggurat
 81829 | Zig:12   | Reached skill level 22 in Fire Magic
 81831 | Zig:12   | Found the +3 giant club "Skullcrusher" {speed, Str+7}
 81881 | Zig:12   | Identified the Disquisition on Dusty Toxins
 81889 | Zig:12   | Identified Sif Muna's Volume of the Compass and the
                  | Frostbite
 82011 | Zig:13   | Entered Level 13 of a ziggurat
 82019 | Zig:13   | Noticed an orb of fire
 82020 | Zig:13   | Noticed an orb of fire
 82032 | Zig:13   | Killed an orb of fire
 82040 | Zig:13   | Killed an orb of fire
 82392 | Zig:13   | Identified the Tome of the Volcanoes and Dark Secrets
 82400 | Zig:13   | Acquired the +4 storm dragon scales "Nejuz" {rElec rF-
                  | Str+7 SInv}
 82456 | Zig:14   | Entered Level 14 of a ziggurat
 82492 | Zig:14   | Identified the Papyrus of Attacks and Black Rites
 82510 | Zig:15   | Entered Level 15 of a ziggurat
 82537 | Zig:15   | Identified Sowioboe's Collected Works on Companions and
                  | Malediction
 82542 | Zig:15   | Identified the ring of the Several Defenders {rPois rC+
                  | MP+9 Str+3 Int+4 Dex-3} (You found it on level 15 of a
                  | ziggurat)
 82563 | Zig:16   | Entered Level 16 of a ziggurat
 82576 | Zig:16   | Found the +12 glaive of Prune {vorpal}
 82591 | Zig:16   | Identified the Collected Works on Blistering Confrontation
 83124 | Depths:5 | Bought a manual of Armour for 2428 gold pieces
 83285 | D:13     | Gained mutation: Your magical capacity is low. (-10% MP)
                  | [evolution]
 83358 | Vaults:2 | Bought a manual of Invocations for 1545 gold pieces
 83518 | Tomb:1   | Entered Level 1 of the Tomb of the Ancients
 84156 | Tomb:2   | Noticed a greater mummy
 84159 | Tomb:2   | Noticed a greater mummy
 84159 | Tomb:2   | Noticed a greater mummy
 84160 | Tomb:2   | Killed a greater mummy
 84160 | Tomb:2   | Noticed a greater mummy
 84163 | Tomb:2   | Killed a greater mummy
 84164 | Tomb:2   | Killed a greater mummy
 84165 | Tomb:2   | Killed a greater mummy
 84195 | Tomb:2   | Reached skill level 10 in Armour
 85151 | Tomb:3   | Entered Level 3 of the Tomb of the Ancients
 85159 | Tomb:3   | Reached skill level 23 in Fire Magic
 85163 | Tomb:3   | Noticed a greater mummy
 85163 | Tomb:3   | Noticed a greater mummy
 85165 | Tomb:3   | Killed a greater mummy
 85165 | Tomb:3   | Killed a greater mummy
 85168 | Tomb:3   | Noticed a greater mummy
 85172 | Tomb:3   | Killed a greater mummy
 85176 | Tomb:3   | Noticed a greater mummy
 85176 | Tomb:3   | Noticed a greater mummy
 85179 | Tomb:3   | Noticed a greater mummy
 85179 | Tomb:3   | Killed a greater mummy
 85179 | Tomb:3   | Noticed a greater mummy
 85180 | Tomb:3   | Killed a greater mummy
 85181 | Tomb:3   | Killed a greater mummy
 85182 | Tomb:3   | Killed a greater mummy
 85183 | Tomb:3   | Noticed a greater mummy
 85184 | Tomb:3   | Noticed a greater mummy
 85185 | Tomb:3   | Killed a greater mummy
 85188 | Tomb:3   | Killed a greater mummy
 85493 | Tomb:3   | Got a golden rune of Zot
 85581 | Tomb:3   | Identified the +1 pearl dragon scales "Ruasur" {rF++ rN+}
                  | (You found it on level 3 of the Tomb of the Ancients)
 85615 | Tomb:3   | Identified the ring of Rem Omar {rF+ Dex+4} (You found it
                  | on level 3 of the Tomb of the Ancients)
 85618 | Tomb:3   | Identified Tirayr's Papyrus of the Bewitching Traveller
 85846 | Zig:1    | Entered Level 1 of a ziggurat
 85862 | Zig:2    | Entered Level 2 of a ziggurat
 85893 | Zig:2    | Learned a level 8 spell: Borgnjor's Revivification
 85895 | Zig:3    | Entered Level 3 of a ziggurat
 85913 | Zig:3    | Lost mutation: You are very weak. (Str -4) [potion of
                  | mutation]
 85913 | Zig:3    | Lost mutation: You are weak. (Str -2) [potion of mutation]
 85913 | Zig:3    | Lost mutation: You expend magic power (3 MP) to strengthen
                  | your wands. [potion of mutation]
 85913 | Zig:3    | Gained mutation: Your natural rate of healing is unusually
                  | fast. [potion of mutation]
 85914 | Zig:3    | Lost mutation: Your magical capacity is low. (-10% MP)
                  | [potion of mutation]
 85914 | Zig:3    | Lost mutation: You evolve. [potion of mutation]
 85914 | Zig:3    | Gained mutation: You are occasionally teleported next to
                  | monsters. [potion of mutation]
 85914 | Zig:3    | Gained mutation: Your system is resistant to poisons.
                  | (rPois) [potion of mutation]
 85915 | Zig:3    | Lost mutation: Your natural rate of healing is unusually
                  | fast. [potion of mutation]
 85915 | Zig:3    | Lost mutation: Your system is resistant to poisons. (rPois)
                  | [potion of mutation]
 85915 | Zig:3    | Lost mutation: You have sharp toenails. [potion of
                  | mutation]
 85915 | Zig:3    | Gained mutation: Your muscles are strong. (Str +2) [potion
                  | of mutation]
 85916 | Zig:3    | Lost mutation: Your muscles are strong. (Str +2) [potion of
                  | mutation]
 85916 | Zig:3    | Lost mutation: Your flesh is heat resistant. (rF+) [potion
                  | of mutation]
 85916 | Zig:3    | Lost mutation: You are resistant to hostile enchantments.
                  | (MR+) [potion of mutation]
 85916 | Zig:3    | Gained mutation: You have sharp toenails. [potion of
                  | mutation]
 85916 | Zig:3    | Gained mutation: Your natural rate of healing is unusually
                  | fast. [potion of mutation]
 85916 | Zig:3    | Gained mutation: Your mind is acute. (Int +2) [potion of
                  | mutation]
 85917 | Zig:3    | Lost mutation: Your mind is acute. (Int +2) [potion of
                  | mutation]
 85917 | Zig:3    | Lost mutation: You are occasionally teleported next to
                  | monsters. [potion of mutation]
 85917 | Zig:3    | Gained mutation: You have a pair of small antennae on your
                  | head. [potion of mutation]
 85917 | Zig:3    | Gained mutation: You have a pair of antennae on your head.
                  | [potion of mutation]
 85918 | Zig:3    | Lost mutation: You have sharp toenails. [potion of
                  | mutation]
 85918 | Zig:3    | Lost mutation: You are partially covered in thin metallic
                  | scales. (AC +2) [potion of mutation]
 85918 | Zig:3    | Gained mutation: You have an increased reservoir of magic.
                  | (+10% MP) [potion of mutation]
 85918 | Zig:3    | Gained mutation: You possess an exceptional clarity of
                  | mind. [potion of mutation]
 85919 | Zig:3    | Lost mutation: You occasionally shout uncontrollably at
                  | your foes. [potion of mutation]
 85919 | Zig:3    | Lost mutation: You have a pair of antennae on your head.
                  | [potion of mutation]
 85919 | Zig:3    | Lost mutation: You possess an exceptional clarity of mind.
                  | [potion of mutation]
 85919 | Zig:3    | Gained mutation: You have sharp toenails. [potion of
                  | mutation]
 85919 | Zig:3    | Gained mutation: You possess an exceptional clarity of
                  | mind. [potion of mutation]
 85920 | Zig:3    | Lost mutation: You have a pair of small antennae on your
                  | head. [potion of mutation]
 85920 | Zig:3    | Lost mutation: Your natural rate of healing is unusually
                  | fast. [potion of mutation]
 85920 | Zig:3    | Gained mutation: You occasionally shout uncontrollably at
                  | your foes. [potion of mutation]
 85920 | Zig:3    | Gained mutation: Scrolls take you a little longer to read.
                  | [potion of mutation]
 85920 | Zig:3    | Gained mutation: You are occasionally teleported next to
                  | monsters. [potion of mutation]
 85920 | Zig:3    | Gained mutation: Your flesh is heat resistant. (rF+)
                  | [potion of mutation]
 85921 | Zig:3    | Lost mutation: Scrolls take you a little longer to read.
                  | [potion of mutation]
 85921 | Zig:3    | Lost mutation: You have sharp toenails. [potion of
                  | mutation]
 85921 | Zig:3    | Lost mutation: You passively map a small area around you.
                  | [potion of mutation]
 85921 | Zig:3    | Lost mutation: You occasionally shout uncontrollably at
                  | your foes. [potion of mutation]
 85921 | Zig:3    | Gained mutation: You have large cloven feet. [potion of
                  | mutation]
 85921 | Zig:3    | Lost mutation: You have an increased reservoir of magic.
                  | (+10% MP) [potion of mutation]
 85921 | Zig:3    | Gained mutation: You expend magic power (3 MP) to
                  | strengthen your wands. [potion of mutation]
 85922 | Zig:3    | Lost mutation: Your flesh is heat resistant. (rF+) [potion
                  | of mutation]
 85922 | Zig:3    | Lost mutation: You possess an exceptional clarity of mind.
                  | [potion of mutation]
 85922 | Zig:3    | Lost mutation: You are occasionally teleported next to
                  | monsters. [potion of mutation]
 85922 | Zig:3    | Gained mutation: You are resistant to hostile enchantments.
                  | (MR+) [potion of mutation]
 85923 | Zig:3    | Lost mutation: You have large cloven feet. [potion of
                  | mutation]
 85923 | Zig:3    | Lost mutation: You expend magic power (3 MP) to strengthen
                  | your wands. [potion of mutation]
 85923 | Zig:3    | Lost mutation: You are resistant to hostile enchantments.
                  | (MR+) [potion of mutation]
 85923 | Zig:3    | Gained mutation: Your spells are a little easier to cast,
                  | but a little less powerful. [potion of mutation]
 85923 | Zig:3    | Gained mutation: Your mind is acute. (Int +2) [potion of
                  | mutation]
 85924 | Zig:3    | Lost mutation: Your mind is acute. (Int +2) [potion of
                  | mutation]
 85924 | Zig:3    | Lost mutation: Your spells are a little easier to cast, but
                  | a little less powerful. [potion of mutation]
 85924 | Zig:3    | Gained mutation: You have a pair of small horns on your
                  | head. [potion of mutation]
 85924 | Zig:3    | Gained mutation: You have large cloven feet. [potion of
                  | mutation]
 85924 | Zig:3    | Gained mutation: Your spells are a little harder to cast,
                  | but a little more powerful. [potion of mutation]
 85925 | Zig:3    | Lost mutation: Your spells are a little harder to cast, but
                  | a little more powerful. [potion of mutation]
 85925 | Zig:3    | Lost mutation: You have large cloven feet. [potion of
                  | mutation]
 85925 | Zig:3    | Gained mutation: You are agile. (Dex +2) [potion of
                  | mutation]
 85925 | Zig:3    | Gained mutation: You are covered in fur. (AC +1) [potion of
                  | mutation]
 85925 | Zig:3    | Gained mutation: You are partially covered in rugged brown
                  | scales. (AC +1, +3% HP) [potion of mutation]
 85926 | Zig:3    | Lost mutation: You have very sharp teeth. [potion of
                  | mutation]
 85926 | Zig:3    | Lost mutation: You have a pair of small horns on your head.
                  | [potion of mutation]
 85926 | Zig:3    | Gained mutation: You are resistant to hostile enchantments.
                  | (MR+) [potion of mutation]
 85926 | Zig:3    | Gained mutation: Your mind is acute. (Int +2) [potion of
                  | mutation]
 85929 | Zig:4    | Entered Level 4 of a ziggurat
 85950 | Zig:5    | Entered Level 5 of a ziggurat
 85979 | Zig:6    | Entered Level 6 of a ziggurat
 85983 | Zig:6    | Noticed a greater mummy
 85984 | Zig:6    | Noticed a greater mummy
 85986 | Zig:6    | Reached skill level 15 in Invocations
 85990 | Zig:6    | Killed a greater mummy
 85992 | Zig:6    | Killed a greater mummy
 86016 | Zig:6    | Learned a level 4 spell: Leda's Liquefaction
 86017 | Zig:7    | Entered Level 7 of a ziggurat
 86056 | Zig:8    | Entered Level 8 of a ziggurat
 86065 | Zig:8    | Noticed a juggernaut
 86073 | Zig:8    | Killed a juggernaut
 86108 | Zig:9    | Entered Level 9 of a ziggurat
 86136 | Zig:9    | Got a slimy lead ring
 86137 | Zig:9    | Identified the ring of Jokimah {rF+ rC+} (You found it on
                  | level 9 of a ziggurat)
 86147 | Zig:9    | Identified the Tome of Frigorific Transmutation
 86152 | Zig:9    | Got a coiled pewter ring
 86153 | Zig:9    | Identified the ring of Tekump {rN++ MP+9 Int-3} (You found
                  | it on level 9 of a ziggurat)
 86192 | Zig:10   | Entered Level 10 of a ziggurat
 86595 | Zig:10   | Found the +3 salamander hide armour {Flames rF++ rC--}
 86615 | Zig:11   | Entered Level 11 of a ziggurat
 86626 | Zig:11   | Noticed a greater mummy
 86628 | Zig:11   | Killed a greater mummy
 86668 | Zig:12   | Entered Level 12 of a ziggurat
 86710 | Zig:12   | Identified Casting, Part Four
 87041 | Pan      | Entered Pandemonium
 87075 | Pan      | Acquired a book of Annihilations
 87084 | Pan      | Noticed Ukhej the pandemonium lord
 87104 | Pan      | Killed Ukhej the pandemonium lord
 87598 | Pan      | Found a runed translucent door.
 87624 | Pan      | Got a demonic rune of Zot
 87736 | Pan      | HP: 6/309 [sun demon (17)]
 87736 | Pan      | Slain by a sun demon

Illustrated notes

Levels and vault maps discovered:
D:1:      dpeg_arrival_arbitrary_c, layout_loops_ring, minivault_11
D:2:      wad_woods_stonehenge, layout_basic, nicolae_tso_swordbearing_angel,
          chequers_serial_rivers_large_b
D:3:      cheibrodos_fertilizer, layout_basic, minitemple,
          nicolae_gozag_seed_capital, nemelex_altar_shiori,
          hangedman_glass_teeth
D:4:      layout_basic
D:5:      layout_loops_corners, uniq_sigmund
D:6:      layout_basic, zin_academy, minmay_temple_entry_fiery,
          gammafunk_ghost_hive, portal_sewer_entry_c
D:7:      layout_basic, uniq_crazy_yiuf_cottage, uniq_harold, uniq_menkaure
D:8:      layout_loops_ring, serial_shops, shop_statue,
          cheibrodos_ashenzari_chains, uniq_psyche, uniq_grum, uniq_maurice
D:9:      layout_rooms, general_overflow_altar, serial_bayou,
          serial_bayou_pond_b, serial_bayou_pond_a, serial_bayou_pond_c,
          serial_bayou_ford_a, serial_bayou_pond_a
D:10:     layout_loops_ring, hangedman_decor_growths, uniq_snorg
D:11:     layout_small_grid, erik_lair_orcish_takeover,
          kennysheep_generic_room_16
D:12:     layout_stronghold, orc_david_3, basic_altar, st_stairs_12,
          minmay_misc_feat_x, glass_columns_a
D:13:     layout_roguey [special_room_orc], skrybe_vaults_entry_preservation,
          nrook_guardian_serpent_double, uniq_jorgrun
D:14:     okawaru_arena_lexackson, layout_loops_ring, minivault_19,
          minmay_misc_feat_enclosed
D:15:     hangedman_depths_entry_civil_slaughter, layout_loops_cross,
          nicolae_underground_beach
Temple:   cyrus_circular_temple
Lair:1:   layout_regular_city, st_stairs_13, ldierk_geyser, grunt_megastairs_5
Lair:2:   beast_lair_carwin_large_3, layout_cellular_growth,
          spider_nest_entry_rubble, gauntlet_entry_generic
Lair:3:   layout_gridlike, minmay_swamp_entry_worms
Lair:4:   layout_misc_corridors, chequers_serial_rivers_small_3,
          serial_bayou_shore_a
Lair:5:   layout_cave_shapes, tgw_fedhas, infiniplex_staircase_pool_2
Lair:6:   minmay_lair_end_enchanted_forest, layout_misc_corridors,
          slime_altar_1, kennysheep_abandoned_house, grunt_megastairs_3,
          lemuel_fruit_tree, uniq_urug
Swamp:1:  layout_basic_swamp, evilmike_swamp_ruin_house_3, swamp_pool5,
          uniq_kirke
Swamp:2:  layout_falls_marsh, evilmike_swamp_ruin_rubble_2, swamp_pool3,
          nicolae_swamp_very_dense_foliage
Swamp:3:  layout_basic_swamp, evilmike_swamp_ruin_house_2
Swamp:4:  byrel_swamp_growth_death_and_undeath, layout_basic_swamp
Spider:1: cheibrodos_spider_deadly_dance
Spider:2: layout_spider_delve, nicolae_looking_at_the_future
Spider:3: layout_spider_delve, nicolae_arachne_temple, uniq_bai_suzhen,
          uniq_donald
Spider:4: grunt_spider_rune_circles
Slime:1:  layout_caves
Slime:2:  layout_caves
Slime:3:  layout_caves, cheibrodos_slime_lost_civilization_6
Slime:4:  layout_caves
Slime:5
Orc:1:    layout_diamond_mine, basic_altar, uniq_nergalle
Orc:2:    st_orc_congregation, layout_caves, nooodl_orcs_dogs
Elf:1:    layout_geoelf_diagonals, serial_shops, shop, minmay_elf_demonology,
          uniq_aizul
Elf:2:    layout_loops_ring, serial_shops, shop_scrolls, orc_legates,
          uniq_azrael
Elf:3:    minmay_elf_hall_not_hex, layout_geoelf_diagonals, serial_shops, shop,
          uniq_louise
Vaults:1: nicolae_vaults_ring_of_whatevers, nicolae_vaults_border_crossing,
          v_alt_pattern_5, nicolae_vaults_yaktaur_gun_rack,
          nicolae_vaults_network_star, vaults_mumra_minichess,
          ontoclasm_vaults_fault, v_misc_25, nicolae_vaults_three_branches,
          nicolae_vaults_little_squares_1, ontoclasm_vaults_decontamination,
          vaults_dpeg_ring, layout_vaults_omnicross
Vaults:2: kb_rosetta, v_misc_18, hangedman_vaults_stretched_pinwheel,
          minmay_crypt_entry_necro_gods, nicolae_vaults_asterisk,
          hangedman_vaults_locks, vaults_room_stairs_pillars, vaults_dpeg_hooks,
          vaults_dpeg_cross, nicolae_vaults_windows_and_doors_thing, v_misc_30,
          vaults_room_pool, v_pattern_3, v_misc_23, v_misc_28, v_alt_pattern_3,
          nicolae_vaults_theta, nicolae_vaults_little_squares_4,
          layout_vaults_maze_bifur, serial_shops, shop, shop_statue
Vaults:3: dpeg_vaults_monster_box, v_alt_pattern_2,
          nicolae_vaults_circle_grid_a, v_rooms_4, v_misc_11,
          ontoclasm_vaults_loading_screen, v_misc_5, ontoclasm_vaults_ligature,
          vaults_room_grunt_arrival_ludios, vaults_room_hallway,
          layout_vaults_omnigrid, infiniplex_enter_wizlab_water, serial_shops,
          nicolae_shop_stone
Vaults:4: vaults_room_stairs_pillars, hangedman_vaults_stagger, v_misc_31,
          v_misc_2, nicolae_vaults_network_quinsquares
          [nicolae_vaults_network_quincunx_subvault,
          nicolae_vaults_network_quincunx_subvault,
          nicolae_vaults_network_quincunx_subvault,
          nicolae_vaults_network_quincunx_subvault], vaults_mumra_lcd,
          nicolae_vaults_know_your_exits, nicolae_vaults_asterisk,
          grunt_vaults_twisty, nicolae_vaults_gold_heap,
          nicolae_vaults_alarming, layout_vaults_big_room
Vaults:5: serial_shops, uniq_sojobo
Crypt:1:  layout_misc_corridors, grunt_crypt_arrival_guarded_gate, uniq_mennas
Crypt:2:  layout_misc_corridors, moated_statue, minivault_25, lemuel_elevator,
          uniq_jory, uniq_margery
Crypt:3:  church_of_pain_bobbens, layout_chaotic_city, lemuel_statue_altar
Tomb:1
Tomb:2
Tomb:3
Depths:1: layout_gridlike, serial_shops, nicolae_shop_stone,
          hangedman_geh_valley, drop_trap, minmay_the_grid_square_5x5_3x3_mashed
          [minmay_the_grid_square_5x5_longway, minmay_the_grid_square_5x5_forky,
          minmay_the_grid_square_5x5_plus, minmay_the_grid_square_5x5_gyroscope,
          minmay_the_grid_square_5x5_megaprize_crossed,
          minmay_the_grid_square_5x5_corner, minmay_the_grid_square_5x5_three,
          minmay_the_grid_square_5x5_one_wall,
          minmay_the_grid_square_5x5_pentomino_r], minmay_shoptagon,
          uniq_asterion, uniq_mara
Depths:2: evilmike_cross, layout_basic, enter_ziggurat_c,
          grunt_hell_entry_dis_grunt, serial_shops, shop,
          rand_demon_pan_entry_8, patterned_corridor, hangedman_decor_points,
          kennysheep_generic_room_13, infiniplex_staircase_zigzag_4,
          minmay_shop_star
Depths:3: minmay_box_of_curves, layout_gridlike, pan_entry, grunt_metal_band,
          minmay_st_funbox
Depths:4: kennysheep_blocky_hall, layout_basic, abyss_entry_crystal,
          hangedman_coc_ice_floe, nrook_uturn, grunt_ministairs_3, minivault_15
Depths:5: lemuel_castle_with_subvaults [lemuel_castle_interior_original],
          layout_small_grid, hangedman_abyss_or_decor_clamps, serial_shops,
          shop, shop, shop_coins, shop, nicolae_abyss_entry_one_way_or_another,
          hell_entry, grunt_pan_entry_zigzag, hex_tiny
Zot:1:    gammafunk_the_bubble [the_bubble_gammafunk_crates], layout_basic,
          ebering_ghost_rock_garden
Pan:      regret_index_pan_draining_boxed, layout_chambers,
          pan_blood_fountain_small, nicolae_pan_gloorx_vloqian_1,
          lemuel_hall_of_pain, layout_stronghold

Skill      XL: |  1  2  3  4  5  6  7  8  9 10 11 12 13 14 15 16 17 18 19 20 21 22 23 24 25 26 27 |
---------------+----------------------------------------------------------------------------------+-----
Fire Magic     | 3 4 5 6 7 8 9 11 15 18 21 23 | 23.8
Conjurations   | 1 2 3 4 5 6 7 8 |  8.0
Hexes          | 1 2 3 |  3.0
Spellcasting   | 4 5 6 7 8 9 10 12 18 | 18.0
Axes           | 1 5 7 9 11 14 15 17 18 20 | 20.0
Air Magic      | 3 4 |  4.0
Poison Magic   | 3 4 |  4.0
Fighting       | 5 7 9 10 12 14 15 22 | 22.2
Dodging        | 3 5 6 8 |  8.5
Invocations    | 3 5 7 9 10 16 | 16.0
Evocations     | 3 4 5 7 |  7.9
Armour         | 2 4 6 8 14 | 14.6
Transmutations | 1 3 9 14 | 14.0
Shields        | 2 5 7 9 13 15 | 15.0
Necromancy     | 3 9 10 12 20 | 20.1
Earth Magic    | 2 5 |  5.0
Stealth        | |  1.4

Action                   |  1- 3 |  4- 6 |  7- 9 | 10-12 | 13-15 | 16-18 | 19-21 | 22-24 | 25-27 || total
-------------------------+-------+-------+-------+-------+-------+-------+-------+-------+-------++-------
Melee: Unarmed           |    27 |       |       |       |       |       |       |       |       ||    27
       Club              |    43 |    40 |       |       |       |       |       |       |       ||    83
       Hand axe          |       |    27 |    55 |   111 |   267 |       |       |       |       ||   460
       Dagger            |       |       |    13 |       |       |       |       |       |       ||    13
       Staff             |       |       |       |    13 |     2 |       |       |       |       ||    15
       Kick              |       |       |       |       |   166 |       |   177 |   367 |   777 ||  1487
       Executioner's axe |       |       |       |       |   511 |    19 |       |       |       ||   530
       War axe           |       |       |       |       |    53 |  1258 |       |       |       ||  1311
       Broad axe         |       |       |       |       |       |   172 |  1340 |  1045 |  1662 ||  4219
       Bite              |       |       |       |       |       |       |       |       |   220 ||   220
Throw: Throwing net      |       |       |       |     1 |     1 |       |       |       |       ||     2
 Cast: Foxfire           |    71 |   111 |   263 |   547 |   134 |       |       |       |       ||  1126
       Inner Flame       |       |     1 |     4 |    12 |       |       |       |       |       ||    17
       Mephitic Cloud    |       |       |     2 |    30 |   167 |   114 |   101 |    74 |    18 ||   506
       Conjure Flame     |       |       |       |     5 |     2 |       |       |       |     1 ||     8
       Blink             |       |       |       |    10 |     3 |       |     1 |     1 |       ||    15
       Slow              |       |       |       |     2 |       |       |       |       |       ||     2
       Sticky Flame      |       |       |       |     9 |    24 |     4 |     1 |       |       ||    38
       Fireball          |       |       |       |     3 |    16 |     8 |    47 |    19 |    10 ||   103
       Ignite Poison     |       |       |       |       |    32 |    11 |     1 |       |       ||    44
       Borgnjor's Vile C |       |       |       |       |       |       |     7 |    22 |    90 ||   119
       Apportation       |       |       |       |       |       |       |     1 |       |     2 ||     3
       Ignition          |       |       |       |       |       |       |       |    25 |   188 ||   213
       Lee's Rapid Decon |       |       |       |       |       |       |       |       |     3 ||     3
       Necromutation     |       |       |       |       |       |       |       |       |    64 ||    64
       Infestation       |       |       |       |       |       |       |       |       |    46 ||    46
Invok: Heroism           |       |       |       |       |     5 |    35 |    11 |     5 |     5 ||    61
       Finesse           |       |       |       |       |       |     5 |       |     2 |       ||     7
       Slouch            |       |       |       |       |       |       |       |       |     4 ||     4
       Step From Time    |       |       |       |       |       |       |       |       |     2 ||     2
 Abil: Evoke Flight      |       |       |       |       |       |       |     1 |       |       ||     1
       End Transformatio |       |       |       |       |       |       |       |       |     8 ||     8
Evoke: Wand              |       |       |       |    35 |    14 |    75 |    20 |     9 |    31 ||   184
       Condenser vane    |       |       |       |     1 |     1 |     2 |       |       |     4 ||     8
       Lightning rod     |       |       |       |       |     6 |    15 |     5 |     3 |     4 ||    33
       Phantom mirror    |       |       |       |       |       |       |     2 |       |       ||     2
       Phial of floods   |       |       |       |       |       |       |     1 |       |       ||     1
       Box of beasts     |       |       |       |       |       |       |       |     3 |     4 ||     7
       Tin of tremorston |       |       |       |       |       |       |       |       |     2 ||     2
       Figurine of a zig |       |       |       |       |       |       |       |       |     1 ||     1
  Use: Scroll            |     1 |     6 |     6 |    18 |    13 |    15 |     9 |    17 |    36 ||   121
       Potion            |       |       |       |     6 |     3 |     6 |     5 |     3 |    39 ||    62
 Stab: Sleeping          |     3 |     2 |     1 |       |     4 |     1 |       |     3 |       ||    14
       Confused          |       |       |       |     7 |    82 |    65 |    72 |    66 |     8 ||   300
       Paralysed         |       |       |       |       |    18 |     7 |       |       |     2 ||    27
       Held in net/web   |       |       |       |       |       |     3 |       |       |       ||     3
       Distracted        |       |       |       |       |       |       |     1 |     1 |    17 ||    19
Armor: Robe              |    62 |    25 |    24 |    18 |       |    32 |     9 |    69 |     4 ||   243
       Troll leather arm |       |       |       |    79 |   258 |   173 |       |       |       ||   510
       Storm dragon scal |       |       |       |       |       |   315 |   428 |    39 |   594 ||  1376
       Skin              |       |       |       |       |       |       |     1 |       |       ||     1
Dodge: Dodged            |   112 |    47 |    84 |   236 |   768 |   868 |   363 |   215 |   457 ||  3150
Block: Kite shield       |       |       |       |       |       |   785 |   646 |   112 |       ||  1543
       Reflection        |       |       |       |       |       |    20 |    47 |     5 |       ||    72
       Tower shield      |       |       |       |       |       |       |       |   727 |  2227 ||  2954

Table legend: (Time is in decaauts)
 A = Elapsed time spent in this place.
 B = Non-inter-level travel time spent in this place.
 C = Inter-level travel time spent in this place.
 D = Time resting spent in this place.
 E = Time spent auto-exploring this place.
 F = Levels seen in this place.
 G = Mean time per level.
                   A        B        C        D        E       F      G
               +--------+--------+--------+--------+--------+-----+--------+
         Total |  94954 |  83606 |  11348 |  28585 |  30787 |  97 |  978.9 |
       Dungeon |  19739 |  16363 |   3376 |   3863 |   8051 |  15 | 1315.9 |
        Temple |     26 |     17 |      9 |      0 |      5 |   1 |   26.0 |
          Lair |   8203 |   6694 |   1509 |   1478 |   3310 |   6 | 1367.2 |
         Swamp |   4373 |   4109 |    264 |   1581 |   1611 |   4 | 1093.2 |
   Spider Nest |   8418 |   7702 |    716 |   4016 |   1745 |   4 | 2104.5 |
    Slime Pits |   1952 |   1902 |     50 |   1483 |      5 |   5 |  390.4 |
  Orcish Mines |   2988 |   2404 |    584 |   1007 |    713 |   2 | 1494.0 |
   Elven Halls |   7278 |   6958 |    320 |   3459 |   1819 |   3 | 2426.0 |
        Vaults |  11834 |   9908 |   1926 |   3865 |   3576 |   5 | 2366.8 |
         Crypt |   5335 |   4564 |    771 |    449 |   2886 |   3 | 1778.3 |
          Tomb |   3665 |   3197 |    468 |    614 |   1106 |   3 | 1221.7 |
        Depths |  12861 |  11510 |   1351 |   4511 |   4384 |   5 | 2572.2 |
           Zot |     14 |     14 |      0 |      0 |      0 |   1 |   14.0 |
         Abyss |   2381 |   2381 |      0 |    179 |    974 |   7 |  340.1 |
   Pandemonium |    770 |    770 |      0 |    487 |      0 |   2 |  385.0 |
      Ziggurat |   3234 |   3234 |      0 |   1277 |     10 |  28 |  115.5 |
         Sewer |    160 |    160 |      0 |      0 |    109 |   1 |  160.0 |
        Wizlab |   1203 |   1203 |      0 |    202 |    290 |   1 | 1203.0 |
      Gauntlet |    513 |    513 |      0 |    111 |    189 |   1 |  513.0 |
               +--------+--------+--------+--------+--------+-----+--------+

Top non-repeatable levels by time:
Vaults:4: 3914 daAuts
Depths:5: 3667 daAuts
Spider:2: 3435 daAuts
   Elf:2: 3270 daAuts
Depths:3: 2572 daAuts
  Lair:2: 2536 daAuts
Spider:4: 2468 daAuts
Depths:2: 2424 daAuts
Vaults:2: 2405 daAuts
Depths:4: 2380 daAuts
   Elf:3: 2378 daAuts
Vaults:1: 2254 daAuts
 Crypt:1: 2142 daAuts
    D:13: 2001 daAuts
 Crypt:3: 1912 daAuts
